Workbook
Name direct_costs: 'Cost-benefit analysis tool'!$C$35
Name dropdown_1: 'TABLES_step6-survey'!$A$2:$A$22
Name dropdown_2: 'TABLES_step6-survey'!$A$25:$A$26
Name dropdown_3: 'TABLES_step6-survey'!$A$29:$A$30
Name intangible_benefits: 'Cost-benefit analysis tool'!$C$45
Name revenue: 'Cost-benefit analysis tool'!$C$28
Name upfront_capital: 'Cost-benefit analysis tool'!$C$40

Sheet Attributions
B7: ATTRIBUTIONS AND ACKNOLWEDGEMENTS
B9: This tool can be cited as:
B10: Loo, Lynne and Howieson, Janet. (2026). Food Waste Prevention and Reduction Opportunity (PRO) Toolkit.
B11: Department of Primary Industries and Regional Development. https://dpird.wa.gov.au/foodwastepro.
B12: This tool was designed as part of a larger project, Validating WA Food Waste Opportunities, funded by the Department of Primary Industries and Regional Development (DPIRD)
B13: and supported by the End Food Waste Co-operative Research Centre and Curtin University.
B15: Validating WA Food Waste Opportunities Curtin research team:
B16: Project Lead: Dr Janet Howieson (Associate Professor, School of Molecular and Life Sciences, Curtin University)
B17: Research Associate: Lynne Loo (School of Molecular and Life Sciences, Curtin University)
B18: Research Associate: Dr Sruthi Nedumpillil Unnikrishnan (School of Molecular and Life Sciences, Curtin University)
B19: Research Associate: Dr Cassandra Chong (School of Molecular and Life Sciences, Curtin University)
B21: Contact details:
... B24: DPIRD Food Industry Innovation Team - foodindustryinnovation@dpird.wa.gov.au

Sheet Step 3a. Data sheet (PRINTABLE)
B4: WASTE AUDIT GUIDE
B6: - This is a printable sheet (A4 landscape). Changing the formatting of this sheet may affect the pre-set print layout.
B7: - Complete one data sheet per each type of by-product measured.
B8: - Each row represents one session of data collection (e.g. 1 hour of observation) and one sub-category for by-products, if more detailed waste data
B9: is being collected.
B11: What is a sub-category for by-products?
B12: A sub-category of a by-product is determined by your business. By-products can often be categorised in more detail such as the reason for discarding.
B13: Creating and measuring sub-categories can help down the track when determining commercially feasible pathways based on available volumes.
B14: Example:
B15: A grower has 100 tonnes of lemons that cannot be sold to a first-grade market. The by-product is 'Lemons'. However, the grower can use sub-categories
B16: to determine how much of the 100 tonnes can actually be used into a new product for human consumption, and how much will go to animal feed.
B17: The sub-categories may include reasons such as: 'Split', 'Too big', 'Too small', 'Sunburn', 'Rot', 'Green', 'Misshapen', and so on.
... B28: By-product:
F30: REASON FOR DISCARDS (optional) - provide short description
B31: Audit no. | C31: Date of audit | D31: Gross weight processed (kg) | E31: Volume discarded (kg) ** | F31: Truly inedible e.g. contaminated, expired | G31: Edible e.g. composite grade, bruised | H31: Other?
B43: ** Ensure the weights recorded do not include the weight of any containers/tubs
B46: ATTRIBUTIONS AND ACKNOLWEDGEMENTS
B47: This tool can be cited as:
B48: Loo, Lynne and Howieson, Janet. (2026). Food Waste Prevention and Reduction Opportunity (PRO) Toolkit.
B49: Department of Primary Industries and Regional Development. https://dpird.wa.gov.au/foodwastepro.

Sheet Step 3b. Data Entry
B2: DATA ENTRY (WASTE AUDIT)
B5: Guide:
B6: - Enter the data collected from your waste audit into the tables below
B7: - View the 'Data entry tips' to learn how you can input data more efficiently
B8: - This sheet allows data entry for up to six products or ingredients
B12: PRODUCT_A OR SUBCATEGORY | C12: Enter product/ingredient name here
E14: REASONS FOR DISCARDING (optional)
B15: Audit date | C15: Gross weight processed (kg) | D15: Volume discarded (kg) | E15: Inedible | F15: Edible | G15: Other | H15: Comments, if any
E16: FALSE | F16: FALSE | G16: FALSE
E17: FALSE | F17: FALSE | G17: FALSE
E18: FALSE | F18: FALSE | G18: FALSE
E19: FALSE | F19: FALSE | G19: FALSE
E20: FALSE | F20: FALSE | G20: FALSE
E21: FALSE | F21: FALSE | G21: FALSE
E22: FALSE | F22: FALSE | G22: FALSE
E23: FALSE | F23: FALSE | G23: FALSE
E24: FALSE | F24: FALSE | G24: FALSE
E25: FALSE | F25: FALSE | G25: FALSE
B28: PRODUCT_B OR SUBCATEGORY | C28: Enter product/ingredient name here
E30: REASONS FOR DISCARDING (optional)
B31: Audit date | C31: Gross weight processed (kg) | D31: Volume discarded (kg) | E31: Inedible | F31: Edible | G31: Other | H31: Comments, if any
E32: FALSE | F32: FALSE | G32: FALSE
E33: FALSE | F33: FALSE | G33: FALSE
E34: FALSE | F34: FALSE | G34: FALSE
E35: FALSE | F35: FALSE | G35: FALSE
E36: FALSE | F36: FALSE | G36: FALSE
E37: FALSE | F37: FALSE | G37: FALSE
E38: FALSE | F38: FALSE | G38: FALSE
E39: FALSE | F39: FALSE | G39: FALSE
E40: FALSE | F40: FALSE | G40: FALSE
E41: FALSE | F41: FALSE | G41: FALSE
B44: PRODUCT_C OR SUBCATEGORY | C44: Enter product/ingredient name here
E46: REASONS FOR DISCARDING (optional)
B47: Audit date | C47: Gross weight processed (kg) | D47: Volume discarded (kg) | E47: Inedible | F47: Edible | G47: Other | H47: Comments, if any
E48: FALSE | F48: FALSE | G48: FALSE
E49: FALSE | F49: FALSE | G49: FALSE
E50: FALSE | F50: FALSE | G50: FALSE
E51: FALSE | F51: FALSE | G51: FALSE
E52: FALSE | F52: FALSE | G52: FALSE
E53: FALSE | F53: FALSE | G53: FALSE
E54: FALSE | F54: FALSE | G54: FALSE
E55: FALSE | F55: FALSE | G55: FALSE
E56: FALSE | F56: FALSE | G56: FALSE
E57: FALSE | F57: FALSE | G57: FALSE
B60: PRODUCT_D OR SUBCATEGORY | C60: Enter product/ingredient name here
E62: REASONS FOR DISCARDING (optional)
B63: Audit date | C63: Gross weight processed (kg) | D63: Volume discarded (kg) | E63: Inedible | F63: Edible | G63: Other | H63: Comments, if any
E64: FALSE | F64: FALSE | G64: FALSE
E65: FALSE | F65: FALSE | G65: FALSE
E66: FALSE | F66: FALSE | G66: FALSE
E67: FALSE | F67: FALSE | G67: FALSE
E68: FALSE | F68: FALSE | G68: FALSE
E69: FALSE | F69: FALSE | G69: FALSE
E70: FALSE | F70: FALSE | G70: FALSE
E71: FALSE | F71: FALSE | G71: FALSE
E72: FALSE | F72: FALSE | G72: FALSE
E73: FALSE | F73: FALSE | G73: FALSE
B76: PRODUCT_E OR SUBCATEGORY | C76: Enter product/ingredient name here
E78: REASONS FOR DISCARDING (optional)
B79: Audit date | C79: Gross weight processed (kg) | D79: Volume discarded (kg) | E79: Inedible | F79: Edible | G79: Other | H79: Comments, if any
E80: FALSE | F80: FALSE | G80: FALSE
E81: FALSE | F81: FALSE | G81: FALSE
E82: FALSE | F82: FALSE | G82: FALSE
E83: FALSE | F83: FALSE | G83: FALSE
E84: FALSE | F84: FALSE | G84: FALSE
E85: FALSE | F85: FALSE | G85: FALSE
E86: FALSE | F86: FALSE | G86: FALSE
E87: FALSE | F87: FALSE | G87: FALSE
E88: FALSE | F88: FALSE | G88: FALSE
E89: FALSE | F89: FALSE | G89: FALSE
B92: PRODUCT_F OR SUBCATEGORY | C92: Enter product/ingredient name here
E94: REASONS FOR DISCARDING (optional)
B95: Audit date | C95: Gross weight processed (kg) | D95: Volume discarded (kg) | E95: Inedible | F95: Edible | G95: Other | H95: Comments, if any
E96: FALSE | F96: FALSE | G96: FALSE
E97: FALSE | F97: FALSE | G97: FALSE
E98: FALSE | F98: FALSE | G98: FALSE
E99: FALSE | F99: FALSE | G99: FALSE
E100: FALSE | F100: FALSE | G100: FALSE
E101: FALSE | F101: FALSE | G101: FALSE
E102: FALSE | F102: FALSE | G102: FALSE
E103: FALSE | F103: FALSE | G103: FALSE
E104: FALSE | F104: FALSE | G104: FALSE
E105: FALSE | F105: FALSE | G105: FALSE
B109: ATTRIBUTIONS AND ACKNOLWEDGEMENTS
B110: This tool can be cited as:
B111: Loo, Lynne and Howieson, Janet. (2026). Food Waste Prevention and Reduction Opportunity (PRO) Toolkit.
B112: Department of Primary Industries and Regional Development. https://dpird.wa.gov.au/foodwastepro.

Sheet Data entry tips
B2: DATA ENTRY TIP:
B3: Did you know that you can use the 'Form' function in Excel to assist with large volumes of data entry? Here's how:
B4: - Click on the 'Customize Quick Access Toolbar' drop down menu
B5: - Click on 'More Commands'
B6: - From the 'Choose commands from' drop-down menu, select 'All Commands'
B7: - Scroll down the list and select 'Form' (see the following icon):
B8: - Click the 'Add >>' button to add it to the quick access toolbar
B9: - Click 'OK' to close the pop-up box
B10: - Now you can click on the data entry table above, and then select the 'Forms' icon in the quick access toolbar at the top of the window to complete your data entry that way
B11: - See the screenshot below for what this looks like:

Sheet Step 3c. Waste Audit Results
B3: WASTE AUDIT RESULTS
B6: Guide:
B7: - No action is required on this sheet. The results of the waste audit automatically populate based on the data from Step 3b.
B8: - NOTE: Changing any of the cells below will affect the pre-programmed formulas and the accuracy of the results.
B12: =CONCATENATE('Step 3b. Data Entry'!B12,": ",'Step 3b. Data Entry'!C12) -> PRODUCT_A OR SUBCATEGORY: Enter product/ingredient name here | F12: =CONCATENATE('Step 3b. Data Entry'!B28,": ",'Step 3b. Data Entry'!C28) -> PRODUCT_B OR SUBCATEGORY: Enter product/ingredient name here | J12: =CONCATENATE('Step 3b. Data Entry'!B44,": ",'Step 3b. Data Entry'!C44) -> PRODUCT_C OR SUBCATEGORY: Enter product/ingredient name here | N12: =CONCATENATE('Step 3b. Data Entry'!B60,": ",'Step 3b. Data Entry'!C60) -> PRODUCT_D OR SUBCATEGORY: Enter product/ingredient name here | R12: =CONCATENATE('Step 3b. Data Entry'!B76,": ",'Step 3b. Data Entry'!C76) -> PRODUCT_E OR SUBCATEGORY: Enter product/ingredient name here | V12: =CONCATENATE('Step 3b. Data Entry'!B92,": ",'Step 3b. Data Entry'!C92) -> PRODUCT_F OR SUBCATEGORY: Enter product/ingredient name here
B13: Number of observations: | C13: =COUNT(Table1[Volume discarded (kg)]) -> 0 | D13: occasions | F13: Number of observations: | G13: =COUNT(Table14[Volume discarded (kg)]) -> 0 | H13: occasions | J13: Number of observations: | K13: =COUNT(Table145[Volume discarded (kg)]) -> 0 | L13: occasions | N13: Number of observations: | O13: =COUNT(Table1456[Volume discarded (kg)]) -> 0 | P13: occasions | R13: Number of observations: | S13: =COUNT(Table14567[Volume discarded (kg)]) -> 0 | T13: occasions | V13: Number of observations: | W13: =COUNT(Table145678[Volume discarded (kg)]) -> 0 | X13: occasions
B14: Average kg discarded: | C14: =IF('TABLES_data-analysis'!D20>=0,'TABLES_data-analysis'!D20," ") -> 0 | D14: kg | F14: Average kg discarded: | G14: ='TABLES_data-analysis'!D37 -> 0 | H14: kg | J14: Average kg discarded: | K14: ='TABLES_data-analysis'!D54 -> 0 | L14: kg | N14: Average kg discarded: | O14: ='TABLES_data-analysis'!D72 -> 0 | P14: kg | R14: Average kg discarded: | S14: ='TABLES_data-analysis'!D90 -> 0 | T14: kg | V14: Average kg discarded: | W14: ='TABLES_data-analysis'!D108 -> 0 | X14: kg
B15: Average % discarded: | C15: =IFERROR('TABLES_data-analysis'!D21," ") | D15: % | F15: Average % discarded: | G15: =IFERROR('TABLES_data-analysis'!D38," ") | H15: % | J15: Average % discarded: | K15: =IFERROR('TABLES_data-analysis'!D55," ") | L15: % | N15: Average % discarded: | O15: =IFERROR('TABLES_data-analysis'!D73," ") | P15: % | R15: Average % discarded: | S15: =IFERROR('TABLES_data-analysis'!D91," ") | T15: % | V15: Average % discarded: | W15: =IFERROR('TABLES_data-analysis'!D109," ") | X15: %
B20: ATTRIBUTIONS AND ACKNOLWEDGEMENTS
B21: This tool can be cited as:
B22: Loo, Lynne and Howieson, Janet. (2026). Food Waste Prevention and Reduction Opportunity (PRO) Toolkit.
B23: Department of Primary Industries and Regional Development. https://dpird.wa.gov.au/foodwastepro.

Sheet TABLES_data-analysis
A6: ='Step 3b. Data Entry'!B12 -> PRODUCT_A OR SUBCATEGORY | B6: ='Step 3b. Data Entry'!C12 -> Enter product/ingredient name here
A8: Audit no. | B8: Gross weight processed (kg) | C8: Volume discarded (kg) | D8: % | E8: Inedible | F8: Edible | G8: Other | H8: Comments, if any
A9: ='Step 3b. Data Entry'!B16 -> 0 | B9: ='Step 3b. Data Entry'!C16 -> 0 | C9: ='Step 3b. Data Entry'!D16 -> 0 | D9: =IFERROR(Table19[[#This Row],[Volume discarded (kg)]]/Table19[[#This Row],[Gross weight processed (kg)]],"0") -> 0 | E9: ='Step 3b. Data Entry'!E16 -> FALSE | F9: ='Step 3b. Data Entry'!F16 -> FALSE | G9: ='Step 3b. Data Entry'!G16 -> FALSE | H9: ='Step 3b. Data Entry'!H16 -> 0
A10: ='Step 3b. Data Entry'!B17 -> 0 | B10: ='Step 3b. Data Entry'!C17 -> 0 | C10: ='Step 3b. Data Entry'!D17 -> 0 | D10: =IFERROR(Table19[[#This Row],[Volume discarded (kg)]]/Table19[[#This Row],[Gross weight processed (kg)]],"0") -> 0 | E10: ='Step 3b. Data Entry'!E17 -> FALSE | F10: ='Step 3b. Data Entry'!F17 -> FALSE | G10: ='Step 3b. Data Entry'!G17 -> FALSE | H10: ='Step 3b. Data Entry'!H17 -> 0
A11: ='Step 3b. Data Entry'!B18 -> 0 | B11: ='Step 3b. Data Entry'!C18 -> 0 | C11: ='Step 3b. Data Entry'!D18 -> 0 | D11: =IFERROR(Table19[[#This Row],[Volume discarded (kg)]]/Table19[[#This Row],[Gross weight processed (kg)]],"0") -> 0 | E11: ='Step 3b. Data Entry'!E18 -> FALSE | F11: ='Step 3b. Data Entry'!F18 -> FALSE | G11: ='Step 3b. Data Entry'!G18 -> FALSE | H11: ='Step 3b. Data Entry'!H18 -> 0
A12: ='Step 3b. Data Entry'!B19 -> 0 | B12: ='Step 3b. Data Entry'!C19 -> 0 | C12: ='Step 3b. Data Entry'!D19 -> 0 | D12: =IFERROR(Table19[[#This Row],[Volume discarded (kg)]]/Table19[[#This Row],[Gross weight processed (kg)]],"0") -> 0 | E12: ='Step 3b. Data Entry'!E19 -> FALSE | F12: ='Step 3b. Data Entry'!F19 -> FALSE | G12: ='Step 3b. Data Entry'!G19 -> FALSE | H12: ='Step 3b. Data Entry'!H19 -> 0
A13: ='Step 3b. Data Entry'!B20 -> 0 | B13: ='Step 3b. Data Entry'!C20 -> 0 | C13: ='Step 3b. Data Entry'!D20 -> 0 | D13: =IFERROR(Table19[[#This Row],[Volume discarded (kg)]]/Table19[[#This Row],[Gross weight processed (kg)]],"0") -> 0 | E13: ='Step 3b. Data Entry'!E20 -> FALSE | F13: ='Step 3b. Data Entry'!F20 -> FALSE | G13: ='Step 3b. Data Entry'!G20 -> FALSE | H13: ='Step 3b. Data Entry'!H20 -> 0
A14: ='Step 3b. Data Entry'!B21 -> 0 | B14: ='Step 3b. Data Entry'!C21 -> 0 | C14: ='Step 3b. Data Entry'!D21 -> 0 | D14: =IFERROR(Table19[[#This Row],[Volume discarded (kg)]]/Table19[[#This Row],[Gross weight processed (kg)]],"0") -> 0 | E14: ='Step 3b. Data Entry'!E21 -> FALSE | F14: ='Step 3b. Data Entry'!F21 -> FALSE | G14: ='Step 3b. Data Entry'!G21 -> FALSE | H14: ='Step 3b. Data Entry'!H21 -> 0
A15: ='Step 3b. Data Entry'!B22 -> 0 | B15: ='Step 3b. Data Entry'!C22 -> 0 | C15: ='Step 3b. Data Entry'!D22 -> 0 | D15: =IFERROR(Table19[[#This Row],[Volume discarded (kg)]]/Table19[[#This Row],[Gross weight processed (kg)]],"0") -> 0 | E15: ='Step 3b. Data Entry'!E22 -> FALSE | F15: ='Step 3b. Data Entry'!F22 -> FALSE | G15: ='Step 3b. Data Entry'!G22 -> FALSE | H15: ='Step 3b. Data Entry'!H22 -> 0
A16: ='Step 3b. Data Entry'!B23 -> 0 | B16: ='Step 3b. Data Entry'!C23 -> 0 | C16: ='Step 3b. Data Entry'!D23 -> 0 | D16: =IFERROR(Table19[[#This Row],[Volume discarded (kg)]]/Table19[[#This Row],[Gross weight processed (kg)]],"0") -> 0 | E16: ='Step 3b. Data Entry'!E23 -> FALSE | F16: ='Step 3b. Data Entry'!F23 -> FALSE | G16: ='Step 3b. Data Entry'!G23 -> FALSE | H16: ='Step 3b. Data Entry'!H23 -> 0
A17: ='Step 3b. Data Entry'!B24 -> 0 | B17: ='Step 3b. Data Entry'!C24 -> 0 | C17: ='Step 3b. Data Entry'!D24 -> 0 | D17: =IFERROR(Table19[[#This Row],[Volume discarded (kg)]]/Table19[[#This Row],[Gross weight processed (kg)]],"0") -> 0 | E17: ='Step 3b. Data Entry'!E24 -> FALSE | F17: ='Step 3b. Data Entry'!F24 -> FALSE | G17: ='Step 3b. Data Entry'!G24 -> FALSE | H17: ='Step 3b. Data Entry'!H24 -> 0
A18: ='Step 3b. Data Entry'!B25 -> 0 | B18: ='Step 3b. Data Entry'!C25 -> 0 | C18: ='Step 3b. Data Entry'!D25 -> 0 | D18: =IFERROR(Table19[[#This Row],[Volume discarded (kg)]]/Table19[[#This Row],[Gross weight processed (kg)]],"0") -> 0 | E18: ='Step 3b. Data Entry'!E25 -> FALSE | F18: ='Step 3b. Data Entry'!F25 -> FALSE | G18: ='Step 3b. Data Entry'!G25 -> FALSE | H18: ='Step 3b. Data Entry'!H25 -> 0
A20: AVERAGE KG | D20: =AVERAGE(Table19[Volume discarded (kg)]) -> 0
A21: AVERAGE % | D21: =(AVERAGE(Table19[%]))*100 -> #DIV/0!
A22: STDEV | B22: =STDEV(Table19[%]) -> #DIV/0! | D22: =IF(B22<=1,"Good","Check data") -> #DIV/0!
A24: ='Step 3b. Data Entry'!B28 -> PRODUCT_B OR SUBCATEGORY | B24: ='Step 3b. Data Entry'!C28 -> Enter product/ingredient name here
A25: Audit no. | B25: Gross weight processed (kg) | C25: Volume discarded (kg) | D25: % | E25: Inedible | F25: Edible | G25: Other | H25: Comments, if any
A26: ='Step 3b. Data Entry'!B32 -> 0 | B26: ='Step 3b. Data Entry'!C32 -> 0 | C26: ='Step 3b. Data Entry'!D32 -> 0 | D26: =IFERROR(Table1910[[#This Row],[Volume discarded (kg)]]/Table1910[[#This Row],[Gross weight processed (kg)]]," ") | E26: ='Step 3b. Data Entry'!E32 -> FALSE | F26: ='Step 3b. Data Entry'!F32 -> FALSE | G26: ='Step 3b. Data Entry'!G32 -> FALSE | H26: ='Step 3b. Data Entry'!H32 -> 0
A27: ='Step 3b. Data Entry'!B33 -> 0 | B27: ='Step 3b. Data Entry'!C33 -> 0 | C27: ='Step 3b. Data Entry'!D33 -> 0 | D27: =IFERROR(Table1910[[#This Row],[Volume discarded (kg)]]/Table1910[[#This Row],[Gross weight processed (kg)]]," ") | E27: ='Step 3b. Data Entry'!E33 -> FALSE | F27: ='Step 3b. Data Entry'!F33 -> FALSE | G27: ='Step 3b. Data Entry'!G33 -> FALSE | H27: ='Step 3b. Data Entry'!H33 -> 0
A28: ='Step 3b. Data Entry'!B34 -> 0 | B28: ='Step 3b. Data Entry'!C34 -> 0 | C28: ='Step 3b. Data Entry'!D34 -> 0 | D28: =IFERROR(Table1910[[#This Row],[Volume discarded (kg)]]/Table1910[[#This Row],[Gross weight processed (kg)]]," ") | E28: ='Step 3b. Data Entry'!E34 -> FALSE | F28: ='Step 3b. Data Entry'!F34 -> FALSE | G28: ='Step 3b. Data Entry'!G34 -> FALSE | H28: ='Step 3b. Data Entry'!H34 -> 0
A29: ='Step 3b. Data Entry'!B35 -> 0 | B29: ='Step 3b. Data Entry'!C35 -> 0 | C29: ='Step 3b. Data Entry'!D35 -> 0 | D29: =IFERROR(Table1910[[#This Row],[Volume discarded (kg)]]/Table1910[[#This Row],[Gross weight processed (kg)]]," ") | E29: ='Step 3b. Data Entry'!E35 -> FALSE | F29: ='Step 3b. Data Entry'!F35 -> FALSE | G29: ='Step 3b. Data Entry'!G35 -> FALSE | H29: ='Step 3b. Data Entry'!H35 -> 0
A30: ='Step 3b. Data Entry'!B36 -> 0 | B30: ='Step 3b. Data Entry'!C36 -> 0 | C30: ='Step 3b. Data Entry'!D36 -> 0 | D30: =IFERROR(Table1910[[#This Row],[Volume discarded (kg)]]/Table1910[[#This Row],[Gross weight processed (kg)]]," ") | E30: ='Step 3b. Data Entry'!E36 -> FALSE | F30: ='Step 3b. Data Entry'!F36 -> FALSE | G30: ='Step 3b. Data Entry'!G36 -> FALSE | H30: ='Step 3b. Data Entry'!H36 -> 0
A31: ='Step 3b. Data Entry'!B37 -> 0 | B31: ='Step 3b. Data Entry'!C37 -> 0 | C31: ='Step 3b. Data Entry'!D37 -> 0 | D31: =IFERROR(Table1910[[#This Row],[Volume discarded (kg)]]/Table1910[[#This Row],[Gross weight processed (kg)]]," ") | E31: ='Step 3b. Data Entry'!E37 -> FALSE | F31: ='Step 3b. Data Entry'!F37 -> FALSE | G31: ='Step 3b. Data Entry'!G37 -> FALSE | H31: ='Step 3b. Data Entry'!H37 -> 0
A32: ='Step 3b. Data Entry'!B38 -> 0 | B32: ='Step 3b. Data Entry'!C38 -> 0 | C32: ='Step 3b. Data Entry'!D38 -> 0 | D32: =IFERROR(Table1910[[#This Row],[Volume discarded (kg)]]/Table1910[[#This Row],[Gross weight processed (kg)]]," ") | E32: ='Step 3b. Data Entry'!E38 -> FALSE | F32: ='Step 3b. Data Entry'!F38 -> FALSE | G32: ='Step 3b. Data Entry'!G38 -> FALSE | H32: ='Step 3b. Data Entry'!H38 -> 0
A33: ='Step 3b. Data Entry'!B39 -> 0 | B33: ='Step 3b. Data Entry'!C39 -> 0 | C33: ='Step 3b. Data Entry'!D39 -> 0 | D33: =IFERROR(Table1910[[#This Row],[Volume discarded (kg)]]/Table1910[[#This Row],[Gross weight processed (kg)]]," ") | E33: ='Step 3b. Data Entry'!E39 -> FALSE | F33: ='Step 3b. Data Entry'!F39 -> FALSE | G33: ='Step 3b. Data Entry'!G39 -> FALSE | H33: ='Step 3b. Data Entry'!H39 -> 0
A34: ='Step 3b. Data Entry'!B40 -> 0 | B34: ='Step 3b. Data Entry'!C40 -> 0 | C34: ='Step 3b. Data Entry'!D40 -> 0 | D34: =IFERROR(Table1910[[#This Row],[Volume discarded (kg)]]/Table1910[[#This Row],[Gross weight processed (kg)]]," ") | E34: ='Step 3b. Data Entry'!E40 -> FALSE | F34: ='Step 3b. Data Entry'!F40 -> FALSE | G34: ='Step 3b. Data Entry'!G40 -> FALSE | H34: ='Step 3b. Data Entry'!H40 -> 0
A35: ='Step 3b. Data Entry'!B41 -> 0 | B35: ='Step 3b. Data Entry'!C41 -> 0 | C35: ='Step 3b. Data Entry'!D41 -> 0 | D35: =IFERROR(Table1910[[#This Row],[Volume discarded (kg)]]/Table1910[[#This Row],[Gross weight processed (kg)]]," ") | E35: ='Step 3b. Data Entry'!E41 -> FALSE | F35: ='Step 3b. Data Entry'!F41 -> FALSE | G35: ='Step 3b. Data Entry'!G41 -> FALSE | H35: ='Step 3b. Data Entry'!H41 -> 0
A37: AVERAGE KG | D37: =AVERAGE(Table1910[Volume discarded (kg)]) -> 0
A38: AVERAGE % | D38: =AVERAGE(Table1910[%])*100 -> #DIV/0!
A39: STDEV | B39: =STDEV(Table1910[%]) -> #DIV/0! | D39: =IF(B22<=1,"Good","Check data") -> #DIV/0!
A41: ='Step 3b. Data Entry'!B44 -> PRODUCT_C OR SUBCATEGORY | B41: ='Step 3b. Data Entry'!C44 -> Enter product/ingredient name here
A42: Audit no. | B42: Gross weight processed (kg) | C42: Volume discarded (kg) | D42: % | E42: Inedible | F42: Edible | G42: Other | H42: Comments, if any
A43: ='Step 3b. Data Entry'!B48 -> 0 | B43: ='Step 3b. Data Entry'!C48 -> 0 | C43: ='Step 3b. Data Entry'!D48 -> 0 | D43: =Table191020[[#This Row],[Volume discarded (kg)]]/Table191020[[#This Row],[Gross weight processed (kg)]] -> #DIV/0! | E43: ='Step 3b. Data Entry'!E48 -> FALSE | F43: ='Step 3b. Data Entry'!F48 -> FALSE | G43: ='Step 3b. Data Entry'!G48 -> FALSE | H43: ='Step 3b. Data Entry'!H48 -> 0
A44: ='Step 3b. Data Entry'!B49 -> 0 | B44: ='Step 3b. Data Entry'!C49 -> 0 | C44: ='Step 3b. Data Entry'!D49 -> 0 | D44: =Table191020[[#This Row],[Volume discarded (kg)]]/Table191020[[#This Row],[Gross weight processed (kg)]] -> #DIV/0! | E44: ='Step 3b. Data Entry'!E49 -> FALSE | F44: ='Step 3b. Data Entry'!F49 -> FALSE | G44: ='Step 3b. Data Entry'!G49 -> FALSE | H44: ='Step 3b. Data Entry'!H49 -> 0
A45: ='Step 3b. Data Entry'!B50 -> 0 | E45: ='Step 3b. Data Entry'!E50 -> FALSE | F45: ='Step 3b. Data Entry'!F50 -> FALSE | G45: ='Step 3b. Data Entry'!G50 -> FALSE | H45: ='Step 3b. Data Entry'!H50 -> 0
A46: ='Step 3b. Data Entry'!B51 -> 0 | E46: ='Step 3b. Data Entry'!E51 -> FALSE | F46: ='Step 3b. Data Entry'!F51 -> FALSE | G46: ='Step 3b. Data Entry'!G51 -> FALSE | H46: ='Step 3b. Data Entry'!H51 -> 0
A47: ='Step 3b. Data Entry'!B52 -> 0 | E47: ='Step 3b. Data Entry'!E52 -> FALSE | F47: ='Step 3b. Data Entry'!F52 -> FALSE | G47: ='Step 3b. Data Entry'!G52 -> FALSE | H47: ='Step 3b. Data Entry'!H52 -> 0
A48: ='Step 3b. Data Entry'!B53 -> 0 | E48: ='Step 3b. Data Entry'!E53 -> FALSE | F48: ='Step 3b. Data Entry'!F53 -> FALSE | G48: ='Step 3b. Data Entry'!G53 -> FALSE | H48: ='Step 3b. Data Entry'!H53 -> 0
A49: ='Step 3b. Data Entry'!B54 -> 0 | E49: ='Step 3b. Data Entry'!E54 -> FALSE | F49: ='Step 3b. Data Entry'!F54 -> FALSE | G49: ='Step 3b. Data Entry'!G54 -> FALSE | H49: ='Step 3b. Data Entry'!H54 -> 0
A50: ='Step 3b. Data Entry'!B55 -> 0 | E50: ='Step 3b. Data Entry'!E55 -> FALSE | F50: ='Step 3b. Data Entry'!F55 -> FALSE | G50: ='Step 3b. Data Entry'!G55 -> FALSE | H50: ='Step 3b. Data Entry'!H55 -> 0
A51: ='Step 3b. Data Entry'!B56 -> 0 | E51: ='Step 3b. Data Entry'!E56 -> FALSE | F51: ='Step 3b. Data Entry'!F56 -> FALSE | G51: ='Step 3b. Data Entry'!G56 -> FALSE | H51: ='Step 3b. Data Entry'!H56 -> 0
A52: ='Step 3b. Data Entry'!B57 -> 0 | E52: ='Step 3b. Data Entry'!E57 -> FALSE | F52: ='Step 3b. Data Entry'!F57 -> FALSE | G52: ='Step 3b. Data Entry'!G57 -> FALSE | H52: ='Step 3b. Data Entry'!H57 -> 0
A54: AVERAGE KG | D54: =AVERAGE(Table191020[Volume discarded (kg)]) -> 0
A55: AVERAGE % | D55: =AVERAGE(Table191020[%])*100 -> #DIV/0!
A56: STDEV | B56: =STDEV(Table191020[%]) -> #DIV/0! | D56: =IF(B56<=1,"Good","Check data") -> #DIV/0!
A59: ='Step 3b. Data Entry'!B60 -> PRODUCT_D OR SUBCATEGORY | B59: ='Step 3b. Data Entry'!C60 -> Enter product/ingredient name here
A60: Audit no. | B60: Gross weight processed (kg) | C60: Volume discarded (kg) | D60: % | E60: Inedible | F60: Edible | G60: Other | H60: Comments, if any
A61: ='Step 3b. Data Entry'!B64 -> 0 | B61: ='Step 3b. Data Entry'!C64 -> 0 | C61: ='Step 3b. Data Entry'!D64 -> 0 | D61: =Table19102026[[#This Row],[Volume discarded (kg)]]/Table19102026[[#This Row],[Gross weight processed (kg)]] -> #DIV/0! | E61: ='Step 3b. Data Entry'!E64 -> FALSE | F61: ='Step 3b. Data Entry'!F64 -> FALSE | G61: ='Step 3b. Data Entry'!G64 -> FALSE | H61: ='Step 3b. Data Entry'!H64 -> 0
A62: ='Step 3b. Data Entry'!B65 -> 0 | B62: ='Step 3b. Data Entry'!C65 -> 0 | C62: ='Step 3b. Data Entry'!D65 -> 0 | D62: =Table19102026[[#This Row],[Volume discarded (kg)]]/Table19102026[[#This Row],[Gross weight processed (kg)]] -> #DIV/0! | E62: ='Step 3b. Data Entry'!E65 -> FALSE | F62: ='Step 3b. Data Entry'!F65 -> FALSE | G62: ='Step 3b. Data Entry'!G65 -> FALSE | H62: ='Step 3b. Data Entry'!H65 -> 0
A63: ='Step 3b. Data Entry'!B66 -> 0 | B63: ='Step 3b. Data Entry'!C66 -> 0 | C63: ='Step 3b. Data Entry'!D66 -> 0 | D63: =Table19102026[[#This Row],[Volume discarded (kg)]]/Table19102026[[#This Row],[Gross weight processed (kg)]] -> #DIV/0! | E63: ='Step 3b. Data Entry'!E66 -> FALSE | F63: ='Step 3b. Data Entry'!F66 -> FALSE | G63: ='Step 3b. Data Entry'!G66 -> FALSE | H63: ='Step 3b. Data Entry'!H66 -> 0
A64: ='Step 3b. Data Entry'!B67 -> 0 | B64: ='Step 3b. Data Entry'!C67 -> 0 | C64: ='Step 3b. Data Entry'!D67 -> 0 | D64: =Table19102026[[#This Row],[Volume discarded (kg)]]/Table19102026[[#This Row],[Gross weight processed (kg)]] -> #DIV/0! | E64: ='Step 3b. Data Entry'!E67 -> FALSE | F64: ='Step 3b. Data Entry'!F67 -> FALSE | G64: ='Step 3b. Data Entry'!G67 -> FALSE | H64: ='Step 3b. Data Entry'!H67 -> 0
A65: ='Step 3b. Data Entry'!B68 -> 0 | B65: ='Step 3b. Data Entry'!C68 -> 0 | C65: ='Step 3b. Data Entry'!D68 -> 0 | D65: =Table19102026[[#This Row],[Volume discarded (kg)]]/Table19102026[[#This Row],[Gross weight processed (kg)]] -> #DIV/0! | E65: ='Step 3b. Data Entry'!E68 -> FALSE | F65: ='Step 3b. Data Entry'!F68 -> FALSE | G65: ='Step 3b. Data Entry'!G68 -> FALSE | H65: ='Step 3b. Data Entry'!H68 -> 0
A66: ='Step 3b. Data Entry'!B69 -> 0 | B66: ='Step 3b. Data Entry'!C69 -> 0 | C66: ='Step 3b. Data Entry'!D69 -> 0 | D66: =Table19102026[[#This Row],[Volume discarded (kg)]]/Table19102026[[#This Row],[Gross weight processed (kg)]] -> #DIV/0! | E66: ='Step 3b. Data Entry'!E69 -> FALSE | F66: ='Step 3b. Data Entry'!F69 -> FALSE | G66: ='Step 3b. Data Entry'!G69 -> FALSE | H66: ='Step 3b. Data Entry'!H69 -> 0
A67: ='Step 3b. Data Entry'!B70 -> 0 | B67: ='Step 3b. Data Entry'!C70 -> 0 | C67: ='Step 3b. Data Entry'!D70 -> 0 | D67: =Table19102026[[#This Row],[Volume discarded (kg)]]/Table19102026[[#This Row],[Gross weight processed (kg)]] -> #DIV/0! | E67: ='Step 3b. Data Entry'!E70 -> FALSE | F67: ='Step 3b. Data Entry'!F70 -> FALSE | G67: ='Step 3b. Data Entry'!G70 -> FALSE | H67: ='Step 3b. Data Entry'!H70 -> 0
A68: ='Step 3b. Data Entry'!B71 -> 0 | B68: ='Step 3b. Data Entry'!C71 -> 0 | C68: ='Step 3b. Data Entry'!D71 -> 0 | D68: =Table19102026[[#This Row],[Volume discarded (kg)]]/Table19102026[[#This Row],[Gross weight processed (kg)]] -> #DIV/0! | E68: ='Step 3b. Data Entry'!E71 -> FALSE | F68: ='Step 3b. Data Entry'!F71 -> FALSE | G68: ='Step 3b. Data Entry'!G71 -> FALSE | H68: ='Step 3b. Data Entry'!H71 -> 0
A69: ='Step 3b. Data Entry'!B72 -> 0 | B69: ='Step 3b. Data Entry'!C72 -> 0 | C69: ='Step 3b. Data Entry'!D72 -> 0 | D69: =Table19102026[[#This Row],[Volume discarded (kg)]]/Table19102026[[#This Row],[Gross weight processed (kg)]] -> #DIV/0! | E69: ='Step 3b. Data Entry'!E72 -> FALSE | F69: ='Step 3b. Data Entry'!F72 -> FALSE | G69: ='Step 3b. Data Entry'!G72 -> FALSE | H69: ='Step 3b. Data Entry'!H72 -> 0
A70: ='Step 3b. Data Entry'!B73 -> 0 | B70: ='Step 3b. Data Entry'!C73 -> 0 | C70: ='Step 3b. Data Entry'!D73 -> 0 | D70: =Table19102026[[#This Row],[Volume discarded (kg)]]/Table19102026[[#This Row],[Gross weight processed (kg)]] -> #DIV/0! | E70: ='Step 3b. Data Entry'!E73 -> FALSE | F70: ='Step 3b. Data Entry'!F73 -> FALSE | G70: ='Step 3b. Data Entry'!G73 -> FALSE | H70: ='Step 3b. Data Entry'!H73 -> 0
A72: AVERAGE KG | D72: =AVERAGE(Table19102026[Volume discarded (kg)]) -> 0
A73: AVERAGE % | D73: =AVERAGE(Table19102026[%])*100 -> #DIV/0!
A74: STDEV | B74: =STDEV(Table19102026[%]) -> #DIV/0! | D74: =IF(B74<=1,"Good","Check data") -> #DIV/0!
A77: ='Step 3b. Data Entry'!B76 -> PRODUCT_E OR SUBCATEGORY | B77: ='Step 3b. Data Entry'!C76 -> Enter product/ingredient name here
A78: Audit no. | B78: Gross weight processed (kg) | C78: Volume discarded (kg) | D78: % | E78: Inedible | F78: Edible | G78: Other | H78: Comments, if any
A79: ='Step 3b. Data Entry'!B80 -> 0 | B79: ='Step 3b. Data Entry'!C80 -> 0 | C79: ='Step 3b. Data Entry'!D80 -> 0 | D79: =Table1910202627[[#This Row],[Volume discarded (kg)]]/Table1910202627[[#This Row],[Gross weight processed (kg)]] -> #DIV/0! | E79: ='Step 3b. Data Entry'!E80 -> FALSE | F79: ='Step 3b. Data Entry'!F80 -> FALSE | G79: ='Step 3b. Data Entry'!G80 -> FALSE | H79: ='Step 3b. Data Entry'!H80 -> 0
A80: ='Step 3b. Data Entry'!B81 -> 0 | B80: ='Step 3b. Data Entry'!C81 -> 0 | C80: ='Step 3b. Data Entry'!D81 -> 0 | D80: =Table1910202627[[#This Row],[Volume discarded (kg)]]/Table1910202627[[#This Row],[Gross weight processed (kg)]] -> #DIV/0! | E80: ='Step 3b. Data Entry'!E81 -> FALSE | F80: ='Step 3b. Data Entry'!F81 -> FALSE | G80: ='Step 3b. Data Entry'!G81 -> FALSE | H80: ='Step 3b. Data Entry'!H81 -> 0
A81: ='Step 3b. Data Entry'!B82 -> 0 | B81: ='Step 3b. Data Entry'!C82 -> 0 | C81: ='Step 3b. Data Entry'!D82 -> 0 | D81: =Table1910202627[[#This Row],[Volume discarded (kg)]]/Table1910202627[[#This Row],[Gross weight processed (kg)]] -> #DIV/0! | E81: ='Step 3b. Data Entry'!E82 -> FALSE | F81: ='Step 3b. Data Entry'!F82 -> FALSE | G81: ='Step 3b. Data Entry'!G82 -> FALSE | H81: ='Step 3b. Data Entry'!H82 -> 0
A82: ='Step 3b. Data Entry'!B83 -> 0 | B82: ='Step 3b. Data Entry'!C83 -> 0 | C82: ='Step 3b. Data Entry'!D83 -> 0 | D82: =Table1910202627[[#This Row],[Volume discarded (kg)]]/Table1910202627[[#This Row],[Gross weight processed (kg)]] -> #DIV/0! | E82: ='Step 3b. Data Entry'!E83 -> FALSE | F82: ='Step 3b. Data Entry'!F83 -> FALSE | G82: ='Step 3b. Data Entry'!G83 -> FALSE | H82: ='Step 3b. Data Entry'!H83 -> 0
A83: ='Step 3b. Data Entry'!B84 -> 0 | B83: ='Step 3b. Data Entry'!C84 -> 0 | C83: ='Step 3b. Data Entry'!D84 -> 0 | D83: =Table1910202627[[#This Row],[Volume discarded (kg)]]/Table1910202627[[#This Row],[Gross weight processed (kg)]] -> #DIV/0! | E83: ='Step 3b. Data Entry'!E84 -> FALSE | F83: ='Step 3b. Data Entry'!F84 -> FALSE | G83: ='Step 3b. Data Entry'!G84 -> FALSE | H83: ='Step 3b. Data Entry'!H84 -> 0
A84: ='Step 3b. Data Entry'!B85 -> 0 | B84: ='Step 3b. Data Entry'!C85 -> 0 | C84: ='Step 3b. Data Entry'!D85 -> 0 | D84: =Table1910202627[[#This Row],[Volume discarded (kg)]]/Table1910202627[[#This Row],[Gross weight processed (kg)]] -> #DIV/0! | E84: ='Step 3b. Data Entry'!E85 -> FALSE | F84: ='Step 3b. Data Entry'!F85 -> FALSE | G84: ='Step 3b. Data Entry'!G85 -> FALSE | H84: ='Step 3b. Data Entry'!H85 -> 0
A85: ='Step 3b. Data Entry'!B86 -> 0 | B85: ='Step 3b. Data Entry'!C86 -> 0 | C85: ='Step 3b. Data Entry'!D86 -> 0 | D85: =Table1910202627[[#This Row],[Volume discarded (kg)]]/Table1910202627[[#This Row],[Gross weight processed (kg)]] -> #DIV/0! | E85: ='Step 3b. Data Entry'!E86 -> FALSE | F85: ='Step 3b. Data Entry'!F86 -> FALSE | G85: ='Step 3b. Data Entry'!G86 -> FALSE | H85: ='Step 3b. Data Entry'!H86 -> 0
A86: ='Step 3b. Data Entry'!B87 -> 0 | B86: ='Step 3b. Data Entry'!C87 -> 0 | C86: ='Step 3b. Data Entry'!D87 -> 0 | D86: =Table1910202627[[#This Row],[Volume discarded (kg)]]/Table1910202627[[#This Row],[Gross weight processed (kg)]] -> #DIV/0! | E86: ='Step 3b. Data Entry'!E87 -> FALSE | F86: ='Step 3b. Data Entry'!F87 -> FALSE | G86: ='Step 3b. Data Entry'!G87 -> FALSE | H86: ='Step 3b. Data Entry'!H87 -> 0
A87: ='Step 3b. Data Entry'!B88 -> 0 | B87: ='Step 3b. Data Entry'!C88 -> 0 | C87: ='Step 3b. Data Entry'!D88 -> 0 | D87: =Table1910202627[[#This Row],[Volume discarded (kg)]]/Table1910202627[[#This Row],[Gross weight processed (kg)]] -> #DIV/0! | E87: ='Step 3b. Data Entry'!E88 -> FALSE | F87: ='Step 3b. Data Entry'!F88 -> FALSE | G87: ='Step 3b. Data Entry'!G88 -> FALSE | H87: ='Step 3b. Data Entry'!H88 -> 0
A88: ='Step 3b. Data Entry'!B89 -> 0 | B88: ='Step 3b. Data Entry'!C89 -> 0 | C88: ='Step 3b. Data Entry'!D89 -> 0 | D88: =Table1910202627[[#This Row],[Volume discarded (kg)]]/Table1910202627[[#This Row],[Gross weight processed (kg)]] -> #DIV/0! | E88: ='Step 3b. Data Entry'!E89 -> FALSE | F88: ='Step 3b. Data Entry'!F89 -> FALSE | G88: ='Step 3b. Data Entry'!G89 -> FALSE | H88: ='Step 3b. Data Entry'!H89 -> 0
A90: AVERAGE KG | D90: =AVERAGE(Table1910202627[Volume discarded (kg)]) -> 0
A91: AVERAGE % | D91: =AVERAGE(Table1910202627[%])*100 -> #DIV/0!
A92: STDEV | B92: =STDEV(Table1910202627[%]) -> #DIV/0! | D92: =IF(B92<=1,"Good","Check data") -> #DIV/0!
A95: BYPRODUCT_F
A96: Audit no. | B96: Gross weight processed (kg) | C96: Volume discarded (kg) | D96: % | E96: Inedible | F96: Edible | G96: Other | H96: Comments, if any
A97: ='Step 3b. Data Entry'!B96 -> 0 | B97: ='Step 3b. Data Entry'!C98 -> 0 | C97: ='Step 3b. Data Entry'!D98 -> 0 | D97: =Table191020262728[[#This Row],[Volume discarded (kg)]]/Table191020262728[[#This Row],[Gross weight processed (kg)]] -> #DIV/0! | E97: ='Step 3b. Data Entry'!E96 -> FALSE | F97: ='Step 3b. Data Entry'!F96 -> FALSE | G97: ='Step 3b. Data Entry'!G96 -> FALSE | H97: ='Step 3b. Data Entry'!H96 -> 0
A98: ='Step 3b. Data Entry'!B97 -> 0 | B98: ='Step 3b. Data Entry'!C99 -> 0 | C98: ='Step 3b. Data Entry'!D99 -> 0 | D98: =Table191020262728[[#This Row],[Volume discarded (kg)]]/Table191020262728[[#This Row],[Gross weight processed (kg)]] -> #DIV/0! | E98: ='Step 3b. Data Entry'!E97 -> FALSE | F98: ='Step 3b. Data Entry'!F97 -> FALSE | G98: ='Step 3b. Data Entry'!G97 -> FALSE | H98: ='Step 3b. Data Entry'!H97 -> 0
A99: ='Step 3b. Data Entry'!B98 -> 0 | B99: ='Step 3b. Data Entry'!C100 -> 0 | C99: ='Step 3b. Data Entry'!D100 -> 0 | D99: =Table191020262728[[#This Row],[Volume discarded (kg)]]/Table191020262728[[#This Row],[Gross weight processed (kg)]] -> #DIV/0! | E99: ='Step 3b. Data Entry'!E98 -> FALSE | F99: ='Step 3b. Data Entry'!F98 -> FALSE | G99: ='Step 3b. Data Entry'!G98 -> FALSE | H99: ='Step 3b. Data Entry'!H98 -> 0
A100: ='Step 3b. Data Entry'!B99 -> 0 | B100: ='Step 3b. Data Entry'!C101 -> 0 | C100: ='Step 3b. Data Entry'!D101 -> 0 | D100: =Table191020262728[[#This Row],[Volume discarded (kg)]]/Table191020262728[[#This Row],[Gross weight processed (kg)]] -> #DIV/0! | E100: ='Step 3b. Data Entry'!E99 -> FALSE | F100: ='Step 3b. Data Entry'!F99 -> FALSE | G100: ='Step 3b. Data Entry'!G99 -> FALSE | H100: ='Step 3b. Data Entry'!H99 -> 0
A101: ='Step 3b. Data Entry'!B100 -> 0 | B101: ='Step 3b. Data Entry'!C102 -> 0 | C101: ='Step 3b. Data Entry'!D102 -> 0 | D101: =Table191020262728[[#This Row],[Volume discarded (kg)]]/Table191020262728[[#This Row],[Gross weight processed (kg)]] -> #DIV/0! | E101: ='Step 3b. Data Entry'!E100 -> FALSE | F101: ='Step 3b. Data Entry'!F100 -> FALSE | G101: ='Step 3b. Data Entry'!G100 -> FALSE | H101: ='Step 3b. Data Entry'!H100 -> 0
A102: ='Step 3b. Data Entry'!B101 -> 0 | B102: ='Step 3b. Data Entry'!C103 -> 0 | C102: ='Step 3b. Data Entry'!D103 -> 0 | D102: =Table191020262728[[#This Row],[Volume discarded (kg)]]/Table191020262728[[#This Row],[Gross weight processed (kg)]] -> #DIV/0! | E102: ='Step 3b. Data Entry'!E101 -> FALSE | F102: ='Step 3b. Data Entry'!F101 -> FALSE | G102: ='Step 3b. Data Entry'!G101 -> FALSE | H102: ='Step 3b. Data Entry'!H101 -> 0
A103: ='Step 3b. Data Entry'!B102 -> 0 | B103: ='Step 3b. Data Entry'!C104 -> 0 | C103: ='Step 3b. Data Entry'!D104 -> 0 | D103: =Table191020262728[[#This Row],[Volume discarded (kg)]]/Table191020262728[[#This Row],[Gross weight processed (kg)]] -> #DIV/0! | E103: ='Step 3b. Data Entry'!E102 -> FALSE | F103: ='Step 3b. Data Entry'!F102 -> FALSE | G103: ='Step 3b. Data Entry'!G102 -> FALSE | H103: ='Step 3b. Data Entry'!H102 -> 0
A104: ='Step 3b. Data Entry'!B103 -> 0 | B104: ='Step 3b. Data Entry'!C105 -> 0 | C104: ='Step 3b. Data Entry'!D105 -> 0 | D104: =Table191020262728[[#This Row],[Volume discarded (kg)]]/Table191020262728[[#This Row],[Gross weight processed (kg)]] -> #DIV/0! | E104: ='Step 3b. Data Entry'!E103 -> FALSE | F104: ='Step 3b. Data Entry'!F103 -> FALSE | G104: ='Step 3b. Data Entry'!G103 -> FALSE | H104: ='Step 3b. Data Entry'!H103 -> 0
A105: ='Step 3b. Data Entry'!B104 -> 0 | B105: ='Step 3b. Data Entry'!C106 -> 0 | C105: ='Step 3b. Data Entry'!D106 -> 0 | D105: =Table191020262728[[#This Row],[Volume discarded (kg)]]/Table191020262728[[#This Row],[Gross weight processed (kg)]] -> #DIV/0! | E105: ='Step 3b. Data Entry'!E104 -> FALSE | F105: ='Step 3b. Data Entry'!F104 -> FALSE | G105: ='Step 3b. Data Entry'!G104 -> FALSE | H105: ='Step 3b. Data Entry'!H104 -> 0
A106: ='Step 3b. Data Entry'!B105 -> 0 | B106: ='Step 3b. Data Entry'!C107 -> 0 | C106: ='Step 3b. Data Entry'!D107 -> 0 | D106: =Table191020262728[[#This Row],[Volume discarded (kg)]]/Table191020262728[[#This Row],[Gross weight processed (kg)]] -> #DIV/0! | E106: ='Step 3b. Data Entry'!E105 -> FALSE | F106: ='Step 3b. Data Entry'!F105 -> FALSE | G106: ='Step 3b. Data Entry'!G105 -> FALSE | H106: ='Step 3b. Data Entry'!H105 -> 0
A108: AVERAGE KG | D108: =AVERAGE(Table191020262728[Volume discarded (kg)]) -> 0
A109: AVERAGE % | D109: =AVERAGE(Table191020262728[%])*100 -> #DIV/0!
A110: STDEV | B110: =STDEV(Table191020262728[%]) -> #DIV/0! | D110: =IF(B110<=1,"Good","Check data") -> #DIV/0!

Sheet Step 3d. Waste&Cost Calculator
B1: ANNUAL WASTE AND COST CALCULATOR
B4: GUIDE:
B5: What is this tool for?
B6: To estimate the volume of food waste generated on a yearly basis and the associated cost to your business.
B8: What information will I need to populate the tool?
B9: - If you completed Steps 3a and 3b, the only additional data you will require is the gross throughput of the ingredients that you are measuring. For example, you will have to know the total volume (kilograms) of
B10: fish/meat/fruit/vegetables etc. that you process in a quarter, 6 months, or one year.
B11: - If you skipped Steps 3a and 3b because you had existing data, you will also require the average percentage of waste generated for each of the ingredients you are measuring.
B12: - If you do not have a full year's worth of data, it is fine to use figures from one or more months. However, the final results will be more accurate if more data points are provided.
B14: How do I use the tool?
B15: - If you used Steps 3a and 3b of this workbook, simply enter the relevant information into any cells that are highlighted in | J15: yellow
B16: - If you did not complete Steps 3a and 3b of this workbook and already track your food waste, complete the cells highlighted in | J16: green | K16: and yellow
B17: NOTE: Once you type into the green cells, the pre-programmed formulas will be overwritten
B18: - All other information (not highlighted) will automatically populate based on the waste data that you input in previous steps. Do not change these formulas.
B22: INPUT DATA IN THE HIGHLIGHTED YELLOW CELLS | K22: RESULTS
C23: By-product or subcategory | D23: Average % discarded | E23: Gross volume processed (kg) | F23: Between | H23: Time period (months) | I23: Cost of ingredient (AU$/kg) *
F24: Start date (dd/mm/yyyy) | G24: End date (dd/mm/yyyy) | K24: Gross volume processed per year (kg) | L24: Estimated discards per year (kg) | M24: Estimated cost to business per year (AU$)
B25: A | C25: {=_xlfn.IFS('Step 3b. Data Entry'!C12="enter product/ingredient name here"," ",'Step 3b. Data Entry'!C12<>"enter product/ingredient name here",'Step 3b. Data Entry'!C12)} | D25: =(IFERROR('TABLES_data-analysis'!D21,"0"))/100 -> 0 | H25: =_xlfn.DAYS(G25,F25)/30.416 -> 0 | K25: =IFERROR('TABLES_waste-calculator'!B3,"Results will autopopulate") -> Results will autopopulate | L25: =IFERROR('TABLES_waste-calculator'!C3,"0") -> 0 | M25: =IFERROR('TABLES_waste-calculator'!D3,"0") -> 0
B26: B | C26: {=_xlfn.IFS('Step 3b. Data Entry'!C28="enter product/ingredient name here"," ",'Step 3b. Data Entry'!C28<>"enter product/ingredient name here",'Step 3b. Data Entry'!C28)} | D26: =(IFERROR('TABLES_data-analysis'!D38,"0"))/100 -> 0 | H26: =_xlfn.DAYS(G26,F26)/30.416 -> 0 | K26: =IFERROR('TABLES_waste-calculator'!B4,"Results will autopopulate") -> Results will autopopulate | L26: =IFERROR('TABLES_waste-calculator'!C4,"0") -> 0 | M26: =IFERROR('TABLES_waste-calculator'!D4,"0") -> 0
B27: C | C27: {=_xlfn.IFS('Step 3b. Data Entry'!C44="enter product/ingredient name here"," ",'Step 3b. Data Entry'!C44<>"enter product/ingredient name here",'Step 3b. Data Entry'!C44)} | D27: =(IFERROR('TABLES_data-analysis'!D55,"0"))/100 -> 0 | H27: =_xlfn.DAYS(G27,F27)/30.416 -> 0 | K27: =IFERROR('TABLES_waste-calculator'!B5,"Results will autopopulate") -> Results will autopopulate | L27: =IFERROR('TABLES_waste-calculator'!C5,"0") -> 0 | M27: =IFERROR('TABLES_waste-calculator'!D5,"0") -> 0
B28: D | C28: {=_xlfn.IFS('Step 3b. Data Entry'!C60="enter product/ingredient name here"," ",'Step 3b. Data Entry'!C60<>"enter product/ingredient name here",'Step 3b. Data Entry'!C60)} | D28: =(IFERROR('TABLES_data-analysis'!D73,"0"))/100 -> 0 | H28: =_xlfn.DAYS(G28,F28)/30.416 -> 0 | K28: =IFERROR('TABLES_waste-calculator'!B6,"Results will autopopulate") -> Results will autopopulate | L28: =IFERROR('TABLES_waste-calculator'!C6,"0") -> 0 | M28: =IFERROR('TABLES_waste-calculator'!D6,"0") -> 0
B29: E | C29: {=_xlfn.IFS('Step 3b. Data Entry'!C76="enter product/ingredient name here"," ",'Step 3b. Data Entry'!C76<>"enter product/ingredient name here",'Step 3b. Data Entry'!C76)} | D29: =(IFERROR('TABLES_data-analysis'!D91,"0"))/100 -> 0 | H29: =_xlfn.DAYS(G29,F29)/30.416 -> 0 | K29: =IFERROR('TABLES_waste-calculator'!B7,"Results will autopopulate") -> Results will autopopulate | L29: =IFERROR('TABLES_waste-calculator'!C7,"0") -> 0 | M29: =IFERROR('TABLES_waste-calculator'!D7,"0") -> 0
B30: F | C30: {=_xlfn.IFS('Step 3b. Data Entry'!C92="enter product/ingredient name here"," ",'Step 3b. Data Entry'!C92<>"enter product/ingredient name here",'Step 3b. Data Entry'!C92)} | D30: =(IFERROR('TABLES_data-analysis'!D109,"0"))/100 -> 0 | H30: =_xlfn.DAYS(G30,F30)/30.416 -> 0 | K30: =IFERROR('TABLES_waste-calculator'!B8,"Results will autopopulate") -> Results will autopopulate | L30: =IFERROR('TABLES_waste-calculator'!C8,"0") -> 0 | M30: =IFERROR('TABLES_waste-calculator'!D8,"0") -> 0
B32: * Cost of ingredient - include any direct costs associated with procuring this ingredient OR for primary producers, for growing/harvesting/grading/sorting/processing/storing this product. Do not include waste disposal costs yet.
B35: DATA VISUALISATIONS
B37: HEAT MAP
B38: By-product | D38: Average portion (%) discarded | E38: Discards per year (kg) | F38: Cost to business (AU$) | G38: Priority? Suggest focusing on up to three
B39: ='TABLES_waste-calculator'!I14 | D39: ='TABLES_waste-calculator'!J14 -> 0 | E39: ='TABLES_waste-calculator'!K14 -> 0 | F39: ='TABLES_waste-calculator'!L14 -> 0 | G39: FALSE
B40: ='TABLES_waste-calculator'!I15 | D40: ='TABLES_waste-calculator'!J15 -> 0 | E40: ='TABLES_waste-calculator'!K15 -> 0 | F40: ='TABLES_waste-calculator'!L15 -> 0 | G40: FALSE
B41: ='TABLES_waste-calculator'!I16 | D41: ='TABLES_waste-calculator'!J16 -> 0 | E41: ='TABLES_waste-calculator'!K16 -> 0 | F41: ='TABLES_waste-calculator'!L16 -> 0 | G41: FALSE
B42: ='TABLES_waste-calculator'!I17 | D42: ='TABLES_waste-calculator'!J17 -> 0 | E42: ='TABLES_waste-calculator'!K17 -> 0 | F42: ='TABLES_waste-calculator'!L17 -> 0 | G42: FALSE
B43: ='TABLES_waste-calculator'!I18 | D43: ='TABLES_waste-calculator'!J18 -> 0 | E43: ='TABLES_waste-calculator'!K18 -> 0 | F43: ='TABLES_waste-calculator'!L18 -> 0 | G43: FALSE
B44: ='TABLES_waste-calculator'!I19 | D44: ='TABLES_waste-calculator'!J19 -> 0 | E44: ='TABLES_waste-calculator'!K19 -> 0 | F44: ='TABLES_waste-calculator'!L19 -> 0 | G44: FALSE
B45: This heat map is a visual tool to help identify priority areas to commit time and resources
B59: ATTRIBUTIONS AND ACKNOLWEDGEMENTS
B60: This tool can be cited as:
B61: Loo, Lynne and Howieson, Janet. (2026). Food Waste Prevention and Reduction Opportunity (PRO) Toolkit.
B62: Department of Primary Industries and Regional Development. https://dpird.wa.gov.au/foodwastepro.

Sheet TABLES_waste-calculator
A2: BYPRODUCT | B2: GROSS VOLUME PROCESSED | C2: DISCARDS PER YEAR | D2: COST PER YEAR
A3: ='Step 3d. Waste&Cost Calculator'!C25 | B3: ='Step 3d. Waste&Cost Calculator'!E25/'Step 3d. Waste&Cost Calculator'!H25*12 -> #DIV/0! | C3: =B3*'Step 3d. Waste&Cost Calculator'!D25 -> #DIV/0! | D3: =C3*'Step 3d. Waste&Cost Calculator'!I25 -> #DIV/0!
A4: ='Step 3d. Waste&Cost Calculator'!C26 | B4: ='Step 3d. Waste&Cost Calculator'!E26/'Step 3d. Waste&Cost Calculator'!H26*12 -> #DIV/0! | C4: =B4*'Step 3d. Waste&Cost Calculator'!D26 -> #DIV/0! | D4: =C4*'Step 3d. Waste&Cost Calculator'!I26 -> #DIV/0!
A5: ='Step 3d. Waste&Cost Calculator'!C27 | B5: ='Step 3d. Waste&Cost Calculator'!E27/'Step 3d. Waste&Cost Calculator'!H27*12 -> #DIV/0! | C5: =B5*'Step 3d. Waste&Cost Calculator'!D27 -> #DIV/0! | D5: =C5*'Step 3d. Waste&Cost Calculator'!I27 -> #DIV/0!
A6: ='Step 3d. Waste&Cost Calculator'!C28 | B6: ='Step 3d. Waste&Cost Calculator'!E28/'Step 3d. Waste&Cost Calculator'!H28*12 -> #DIV/0! | C6: =B6*'Step 3d. Waste&Cost Calculator'!D28 -> #DIV/0! | D6: =C6*'Step 3d. Waste&Cost Calculator'!I28 -> #DIV/0!
A7: ='Step 3d. Waste&Cost Calculator'!C29 | B7: ='Step 3d. Waste&Cost Calculator'!E29/'Step 3d. Waste&Cost Calculator'!H29*12 -> #DIV/0! | C7: =B7*'Step 3d. Waste&Cost Calculator'!D29 -> #DIV/0! | D7: =C7*'Step 3d. Waste&Cost Calculator'!I29 -> #DIV/0!
A8: ='Step 3d. Waste&Cost Calculator'!C30 | B8: ='Step 3d. Waste&Cost Calculator'!E30/'Step 3d. Waste&Cost Calculator'!H30*12 -> #DIV/0! | C8: =B8*'Step 3d. Waste&Cost Calculator'!D30 -> #DIV/0! | D8: =C8*'Step 3d. Waste&Cost Calculator'!I30 -> #DIV/0!
A12: GRAPH1 | D12: GRAPH2 | I12: GRAPH3
A13: By-product | B13: Estimated discards per year (kg) | D13: By-product | E13: Discards per year (kg) | F13: Cost to business (AU$) | I13: By-product | J13: Average portion discarded (%) | K13: Discards per year (kg) | L13: Cost to business (AU$)
A14: =A3 | B14: =IFERROR(C3,"0") -> 0 | D14: =A3 | E14: =IFERROR(C3,"0") -> 0 | F14: =IFERROR(D3,"0") -> 0 | I14: =A3 | J14: ='Step 3d. Waste&Cost Calculator'!D25 -> 0 | K14: =IFERROR(C3,"0") -> 0 | L14: =IFERROR(D3,"0") -> 0
A15: =A4 | B15: =IFERROR(C4,"0") -> 0 | D15: =A4 | E15: =IFERROR(C4,"0") -> 0 | F15: =IFERROR(D4,"0") -> 0 | I15: =A4 | J15: ='Step 3d. Waste&Cost Calculator'!D26 -> 0 | K15: =IFERROR(C4,"0") -> 0 | L15: =IFERROR(D4,"0") -> 0
A16: =A5 | B16: =IFERROR(C5,"0") -> 0 | D16: =A5 | E16: =IFERROR(C5,"0") -> 0 | F16: =IFERROR(D5,"0") -> 0 | I16: =A5 | J16: ='Step 3d. Waste&Cost Calculator'!D27 -> 0 | K16: =IFERROR(C5,"0") -> 0 | L16: =IFERROR(D5,"0") -> 0
A17: =A6 | B17: =IFERROR(C6,"0") -> 0 | D17: =A6 | E17: =IFERROR(C6,"0") -> 0 | F17: =IFERROR(D6,"0") -> 0 | I17: =A6 | J17: ='Step 3d. Waste&Cost Calculator'!D28 -> 0 | K17: =IFERROR(C6,"0") -> 0 | L17: =IFERROR(D6,"0") -> 0
A18: =A7 | B18: =IFERROR(C7,"0") -> 0 | D18: =A7 | E18: =IFERROR(C7,"0") -> 0 | F18: =IFERROR(D7,"0") -> 0 | I18: =A7 | J18: ='Step 3d. Waste&Cost Calculator'!D29 -> 0 | K18: =IFERROR(C7,"0") -> 0 | L18: =IFERROR(D7,"0") -> 0
A19: =A8 | B19: =IFERROR(C8,"0") -> 0 | D19: =A8 | E19: =IFERROR(C8,"0") -> 0 | F19: =IFERROR(D8,"0") -> 0 | I19: =A8 | J19: ='Step 3d. Waste&Cost Calculator'!D30 -> 0 | K19: =IFERROR(C8,"0") -> 0 | L19: =IFERROR(D8,"0") -> 0

Sheet Step 4. Desktop Review
B1: DESKTOP REVIEW
B4: GUIDE:
B5: - This is only a suggestion of parameters you can use to guide your desktop review search. You might find it more useful to capture the findings of your search in a different format.
B6: - Start with a broad view by simply listing all possible uses or waste management solutions that you come across for the priority by-product/s you identified in Step 3.
B7: - Keep your Self-assessed Screening results in mind when conducting the desktop review. You will also use the Self-assessed Screening results in Step 5 (Pre-feasibility).
B8: - The Sustainability Rating is a pre-programmed indicator based on the food waste hierarchy and best practice. It is a general ranking system of the environmental sustainability impacts of
B9: the solutions that you input.
B11: SUSTAINABILITY RATING:
B12: - The sustainability rating is a pre-programmed indicator based on the food waste hierarchy (see below). This is a best practice model used across food waste management. However,
B13: the results of this tool are only general in nature and do not replace the accuracy of a proper life cycle assessment.
B14: - Options that have a rating of 1, 2, or 3 are the most desirable, from an environmental perspective.
B16: - The ratings are colour-coded according to the following legend: | D16: 1 - Avoid or prevent
D17: 2 - Reuse
D18: 3 - Recycle
D19: 4 - Reprocess
D20: 5 - Recovery
D21: 6 - Dispose
B26: Priority by-product/s: | C26: =TABLES_prioritisebyproducts!B10
B29: By-product | C29: Use / Solution (choose from drop down menu) | D29: Sustainability Rating | E29: Additional notes | F29: Source (e.g. link to website, book, article)
D30: {=_xlfn.IFS(C30=TABLES_prioritisebyproducts!E2,TABLES_prioritisebyproducts!F2,C30=TABLES_prioritisebyproducts!E3,TABLES_prioritisebyproducts!F3,C30=TABLES_prioritisebyproducts!E4,TABLES_prioritisebyproducts!F4,C30=TABLES_prioritisebyproducts!E5,TABLES_prioritisebyproducts!F5,C30=TABLES_prioritisebyproducts!E6,TABLES_prioritisebyproducts!F6,C30=TABLES_prioritisebyproducts!E7,TABLES_prioritisebyproducts!F7,C30=TABLES_prioritisebyproducts!E8,TABLES_prioritisebyproducts!F8,C30=TABLES_prioritisebyproducts!E9,TABLES_prioritisebyproducts!F9,C30=TABLES_prioritisebyproducts!E10,TABLES_prioritisebyproducts!F10,C30=TABLES_prioritisebyproducts!E11,TABLES_prioritisebyproducts!F11,C30=TABLES_prioritisebyproducts!E12,TABLES_prioritisebyproducts!F12,C30=TABLES_prioritisebyproducts!E13,TABLES_prioritisebyproducts!F13,C30=TABLES_prioritisebyproducts!E14,TABLES_prioritisebyproducts!F14,C30=TABLES_prioritisebyproducts!E15,TABLES_prioritisebyproducts!F15,C30=TABLES_prioritisebyproducts!E16,TABLES_prioritisebyproducts!F16,C30=TABLES_prioritisebyproducts!E18,TABLES_prioritisebyproducts!F18,C30=TABLES_prioritisebyproducts!E19,TABLES_prioritisebyproducts!F19,C30=TABLES_prioritisebyproducts!E20,TABLES_prioritisebyproducts!F20,C30=TABLES_prioritisebyproducts!E21,TABLES_prioritisebyproducts!F21,C30=TABLES_prioritisebyproducts!E22,TABLES_prioritisebyproducts!F22,C30=FALSE,"Pending")} -> Pending
D31: {=_xlfn.IFS(C31=TABLES_prioritisebyproducts!E3,TABLES_prioritisebyproducts!F3,C31=TABLES_prioritisebyproducts!E4,TABLES_prioritisebyproducts!F4,C31=TABLES_prioritisebyproducts!E5,TABLES_prioritisebyproducts!F5,C31=TABLES_prioritisebyproducts!E6,TABLES_prioritisebyproducts!F6,C31=TABLES_prioritisebyproducts!E7,TABLES_prioritisebyproducts!F7,C31=TABLES_prioritisebyproducts!E8,TABLES_prioritisebyproducts!F8,C31=TABLES_prioritisebyproducts!E9,TABLES_prioritisebyproducts!F9,C31=TABLES_prioritisebyproducts!E10,TABLES_prioritisebyproducts!F10,C31=TABLES_prioritisebyproducts!E11,TABLES_prioritisebyproducts!F11,C31=TABLES_prioritisebyproducts!E12,TABLES_prioritisebyproducts!F12,C31=TABLES_prioritisebyproducts!E13,TABLES_prioritisebyproducts!F13,C31=TABLES_prioritisebyproducts!E14,TABLES_prioritisebyproducts!F14,C31=TABLES_prioritisebyproducts!E15,TABLES_prioritisebyproducts!F15,C31=TABLES_prioritisebyproducts!E16,TABLES_prioritisebyproducts!F16,C31=TABLES_prioritisebyproducts!E17,TABLES_prioritisebyproducts!F17,C31=TABLES_prioritisebyproducts!E19,TABLES_prioritisebyproducts!F19,C31=TABLES_prioritisebyproducts!E20,TABLES_prioritisebyproducts!F20,C31=TABLES_prioritisebyproducts!E21,TABLES_prioritisebyproducts!F21,C31=TABLES_prioritisebyproducts!E22,TABLES_prioritisebyproducts!F22,C31=TABLES_prioritisebyproducts!E23,TABLES_prioritisebyproducts!F23,C31=FALSE,"Pending")} -> Pending
D32: {=_xlfn.IFS(C32=TABLES_prioritisebyproducts!E3,TABLES_prioritisebyproducts!F3,C32=TABLES_prioritisebyproducts!E4,TABLES_prioritisebyproducts!F4,C32=TABLES_prioritisebyproducts!E5,TABLES_prioritisebyproducts!F5,C32=TABLES_prioritisebyproducts!E6,TABLES_prioritisebyproducts!F6,C32=TABLES_prioritisebyproducts!E7,TABLES_prioritisebyproducts!F7,C32=TABLES_prioritisebyproducts!E8,TABLES_prioritisebyproducts!F8,C32=TABLES_prioritisebyproducts!E9,TABLES_prioritisebyproducts!F9,C32=TABLES_prioritisebyproducts!E10,TABLES_prioritisebyproducts!F10,C32=TABLES_prioritisebyproducts!E11,TABLES_prioritisebyproducts!F11,C32=TABLES_prioritisebyproducts!E12,TABLES_prioritisebyproducts!F12,C32=TABLES_prioritisebyproducts!E13,TABLES_prioritisebyproducts!F13,C32=TABLES_prioritisebyproducts!E14,TABLES_prioritisebyproducts!F14,C32=TABLES_prioritisebyproducts!E15,TABLES_prioritisebyproducts!F15,C32=TABLES_prioritisebyproducts!E16,TABLES_prioritisebyproducts!F16,C32=TABLES_prioritisebyproducts!E17,TABLES_prioritisebyproducts!F17,C32=TABLES_prioritisebyproducts!E19,TABLES_prioritisebyproducts!F19,C32=TABLES_prioritisebyproducts!E20,TABLES_prioritisebyproducts!F20,C32=TABLES_prioritisebyproducts!E21,TABLES_prioritisebyproducts!F21,C32=TABLES_prioritisebyproducts!E22,TABLES_prioritisebyproducts!F22,C32=TABLES_prioritisebyproducts!E23,TABLES_prioritisebyproducts!F23,C32=FALSE,"Pending")} -> Pending
D33: {=_xlfn.IFS(C33=TABLES_prioritisebyproducts!E3,TABLES_prioritisebyproducts!F3,C33=TABLES_prioritisebyproducts!E4,TABLES_prioritisebyproducts!F4,C33=TABLES_prioritisebyproducts!E5,TABLES_prioritisebyproducts!F5,C33=TABLES_prioritisebyproducts!E6,TABLES_prioritisebyproducts!F6,C33=TABLES_prioritisebyproducts!E7,TABLES_prioritisebyproducts!F7,C33=TABLES_prioritisebyproducts!E8,TABLES_prioritisebyproducts!F8,C33=TABLES_prioritisebyproducts!E9,TABLES_prioritisebyproducts!F9,C33=TABLES_prioritisebyproducts!E10,TABLES_prioritisebyproducts!F10,C33=TABLES_prioritisebyproducts!E11,TABLES_prioritisebyproducts!F11,C33=TABLES_prioritisebyproducts!E12,TABLES_prioritisebyproducts!F12,C33=TABLES_prioritisebyproducts!E13,TABLES_prioritisebyproducts!F13,C33=TABLES_prioritisebyproducts!E14,TABLES_prioritisebyproducts!F14,C33=TABLES_prioritisebyproducts!E15,TABLES_prioritisebyproducts!F15,C33=TABLES_prioritisebyproducts!E16,TABLES_prioritisebyproducts!F16,C33=TABLES_prioritisebyproducts!E17,TABLES_prioritisebyproducts!F17,C33=TABLES_prioritisebyproducts!E19,TABLES_prioritisebyproducts!F19,C33=TABLES_prioritisebyproducts!E20,TABLES_prioritisebyproducts!F20,C33=TABLES_prioritisebyproducts!E21,TABLES_prioritisebyproducts!F21,C33=TABLES_prioritisebyproducts!E22,TABLES_prioritisebyproducts!F22,C33=TABLES_prioritisebyproducts!E23,TABLES_prioritisebyproducts!F23,C33=FALSE,"Pending")} -> Pending
D34: {=_xlfn.IFS(C34=TABLES_prioritisebyproducts!E3,TABLES_prioritisebyproducts!F3,C34=TABLES_prioritisebyproducts!E4,TABLES_prioritisebyproducts!F4,C34=TABLES_prioritisebyproducts!E5,TABLES_prioritisebyproducts!F5,C34=TABLES_prioritisebyproducts!E6,TABLES_prioritisebyproducts!F6,C34=TABLES_prioritisebyproducts!E7,TABLES_prioritisebyproducts!F7,C34=TABLES_prioritisebyproducts!E8,TABLES_prioritisebyproducts!F8,C34=TABLES_prioritisebyproducts!E9,TABLES_prioritisebyproducts!F9,C34=TABLES_prioritisebyproducts!E10,TABLES_prioritisebyproducts!F10,C34=TABLES_prioritisebyproducts!E11,TABLES_prioritisebyproducts!F11,C34=TABLES_prioritisebyproducts!E12,TABLES_prioritisebyproducts!F12,C34=TABLES_prioritisebyproducts!E13,TABLES_prioritisebyproducts!F13,C34=TABLES_prioritisebyproducts!E14,TABLES_prioritisebyproducts!F14,C34=TABLES_prioritisebyproducts!E15,TABLES_prioritisebyproducts!F15,C34=TABLES_prioritisebyproducts!E16,TABLES_prioritisebyproducts!F16,C34=TABLES_prioritisebyproducts!E17,TABLES_prioritisebyproducts!F17,C34=TABLES_prioritisebyproducts!E19,TABLES_prioritisebyproducts!F19,C34=TABLES_prioritisebyproducts!E20,TABLES_prioritisebyproducts!F20,C34=TABLES_prioritisebyproducts!E21,TABLES_prioritisebyproducts!F21,C34=TABLES_prioritisebyproducts!E22,TABLES_prioritisebyproducts!F22,C34=TABLES_prioritisebyproducts!E23,TABLES_prioritisebyproducts!F23,C34=FALSE,"Pending")} -> Pending
D35: {=_xlfn.IFS(C35=TABLES_prioritisebyproducts!E3,TABLES_prioritisebyproducts!F3,C35=TABLES_prioritisebyproducts!E4,TABLES_prioritisebyproducts!F4,C35=TABLES_prioritisebyproducts!E5,TABLES_prioritisebyproducts!F5,C35=TABLES_prioritisebyproducts!E6,TABLES_prioritisebyproducts!F6,C35=TABLES_prioritisebyproducts!E7,TABLES_prioritisebyproducts!F7,C35=TABLES_prioritisebyproducts!E8,TABLES_prioritisebyproducts!F8,C35=TABLES_prioritisebyproducts!E9,TABLES_prioritisebyproducts!F9,C35=TABLES_prioritisebyproducts!E10,TABLES_prioritisebyproducts!F10,C35=TABLES_prioritisebyproducts!E11,TABLES_prioritisebyproducts!F11,C35=TABLES_prioritisebyproducts!E12,TABLES_prioritisebyproducts!F12,C35=TABLES_prioritisebyproducts!E13,TABLES_prioritisebyproducts!F13,C35=TABLES_prioritisebyproducts!E14,TABLES_prioritisebyproducts!F14,C35=TABLES_prioritisebyproducts!E15,TABLES_prioritisebyproducts!F15,C35=TABLES_prioritisebyproducts!E16,TABLES_prioritisebyproducts!F16,C35=TABLES_prioritisebyproducts!E17,TABLES_prioritisebyproducts!F17,C35=TABLES_prioritisebyproducts!E19,TABLES_prioritisebyproducts!F19,C35=TABLES_prioritisebyproducts!E20,TABLES_prioritisebyproducts!F20,C35=TABLES_prioritisebyproducts!E21,TABLES_prioritisebyproducts!F21,C35=TABLES_prioritisebyproducts!E22,TABLES_prioritisebyproducts!F22,C35=TABLES_prioritisebyproducts!E23,TABLES_prioritisebyproducts!F23,C35=FALSE,"Pending")} -> Pending
D36: {=_xlfn.IFS(C36=TABLES_prioritisebyproducts!E3,TABLES_prioritisebyproducts!F3,C36=TABLES_prioritisebyproducts!E4,TABLES_prioritisebyproducts!F4,C36=TABLES_prioritisebyproducts!E5,TABLES_prioritisebyproducts!F5,C36=TABLES_prioritisebyproducts!E6,TABLES_prioritisebyproducts!F6,C36=TABLES_prioritisebyproducts!E7,TABLES_prioritisebyproducts!F7,C36=TABLES_prioritisebyproducts!E8,TABLES_prioritisebyproducts!F8,C36=TABLES_prioritisebyproducts!E9,TABLES_prioritisebyproducts!F9,C36=TABLES_prioritisebyproducts!E10,TABLES_prioritisebyproducts!F10,C36=TABLES_prioritisebyproducts!E11,TABLES_prioritisebyproducts!F11,C36=TABLES_prioritisebyproducts!E12,TABLES_prioritisebyproducts!F12,C36=TABLES_prioritisebyproducts!E13,TABLES_prioritisebyproducts!F13,C36=TABLES_prioritisebyproducts!E14,TABLES_prioritisebyproducts!F14,C36=TABLES_prioritisebyproducts!E15,TABLES_prioritisebyproducts!F15,C36=TABLES_prioritisebyproducts!E16,TABLES_prioritisebyproducts!F16,C36=TABLES_prioritisebyproducts!E17,TABLES_prioritisebyproducts!F17,C36=TABLES_prioritisebyproducts!E19,TABLES_prioritisebyproducts!F19,C36=TABLES_prioritisebyproducts!E20,TABLES_prioritisebyproducts!F20,C36=TABLES_prioritisebyproducts!E21,TABLES_prioritisebyproducts!F21,C36=TABLES_prioritisebyproducts!E22,TABLES_prioritisebyproducts!F22,C36=TABLES_prioritisebyproducts!E23,TABLES_prioritisebyproducts!F23,C36=FALSE,"Pending")} -> Pending
D37: {=_xlfn.IFS(C37=TABLES_prioritisebyproducts!E3,TABLES_prioritisebyproducts!F3,C37=TABLES_prioritisebyproducts!E4,TABLES_prioritisebyproducts!F4,C37=TABLES_prioritisebyproducts!E5,TABLES_prioritisebyproducts!F5,C37=TABLES_prioritisebyproducts!E6,TABLES_prioritisebyproducts!F6,C37=TABLES_prioritisebyproducts!E7,TABLES_prioritisebyproducts!F7,C37=TABLES_prioritisebyproducts!E8,TABLES_prioritisebyproducts!F8,C37=TABLES_prioritisebyproducts!E9,TABLES_prioritisebyproducts!F9,C37=TABLES_prioritisebyproducts!E10,TABLES_prioritisebyproducts!F10,C37=TABLES_prioritisebyproducts!E11,TABLES_prioritisebyproducts!F11,C37=TABLES_prioritisebyproducts!E12,TABLES_prioritisebyproducts!F12,C37=TABLES_prioritisebyproducts!E13,TABLES_prioritisebyproducts!F13,C37=TABLES_prioritisebyproducts!E14,TABLES_prioritisebyproducts!F14,C37=TABLES_prioritisebyproducts!E15,TABLES_prioritisebyproducts!F15,C37=TABLES_prioritisebyproducts!E16,TABLES_prioritisebyproducts!F16,C37=TABLES_prioritisebyproducts!E17,TABLES_prioritisebyproducts!F17,C37=TABLES_prioritisebyproducts!E19,TABLES_prioritisebyproducts!F19,C37=TABLES_prioritisebyproducts!E20,TABLES_prioritisebyproducts!F20,C37=TABLES_prioritisebyproducts!E21,TABLES_prioritisebyproducts!F21,C37=TABLES_prioritisebyproducts!E22,TABLES_prioritisebyproducts!F22,C37=TABLES_prioritisebyproducts!E23,TABLES_prioritisebyproducts!F23,C37=FALSE,"Pending")} -> Pending
D38: {=_xlfn.IFS(C38=TABLES_prioritisebyproducts!E3,TABLES_prioritisebyproducts!F3,C38=TABLES_prioritisebyproducts!E4,TABLES_prioritisebyproducts!F4,C38=TABLES_prioritisebyproducts!E5,TABLES_prioritisebyproducts!F5,C38=TABLES_prioritisebyproducts!E6,TABLES_prioritisebyproducts!F6,C38=TABLES_prioritisebyproducts!E7,TABLES_prioritisebyproducts!F7,C38=TABLES_prioritisebyproducts!E8,TABLES_prioritisebyproducts!F8,C38=TABLES_prioritisebyproducts!E9,TABLES_prioritisebyproducts!F9,C38=TABLES_prioritisebyproducts!E10,TABLES_prioritisebyproducts!F10,C38=TABLES_prioritisebyproducts!E11,TABLES_prioritisebyproducts!F11,C38=TABLES_prioritisebyproducts!E12,TABLES_prioritisebyproducts!F12,C38=TABLES_prioritisebyproducts!E13,TABLES_prioritisebyproducts!F13,C38=TABLES_prioritisebyproducts!E14,TABLES_prioritisebyproducts!F14,C38=TABLES_prioritisebyproducts!E15,TABLES_prioritisebyproducts!F15,C38=TABLES_prioritisebyproducts!E16,TABLES_prioritisebyproducts!F16,C38=TABLES_prioritisebyproducts!E17,TABLES_prioritisebyproducts!F17,C38=TABLES_prioritisebyproducts!E19,TABLES_prioritisebyproducts!F19,C38=TABLES_prioritisebyproducts!E20,TABLES_prioritisebyproducts!F20,C38=TABLES_prioritisebyproducts!E21,TABLES_prioritisebyproducts!F21,C38=TABLES_prioritisebyproducts!E22,TABLES_prioritisebyproducts!F22,C38=TABLES_prioritisebyproducts!E23,TABLES_prioritisebyproducts!F23,C38=FALSE,"Pending")} -> Pending
D39: {=_xlfn.IFS(C39=TABLES_prioritisebyproducts!E3,TABLES_prioritisebyproducts!F3,C39=TABLES_prioritisebyproducts!E4,TABLES_prioritisebyproducts!F4,C39=TABLES_prioritisebyproducts!E5,TABLES_prioritisebyproducts!F5,C39=TABLES_prioritisebyproducts!E6,TABLES_prioritisebyproducts!F6,C39=TABLES_prioritisebyproducts!E7,TABLES_prioritisebyproducts!F7,C39=TABLES_prioritisebyproducts!E8,TABLES_prioritisebyproducts!F8,C39=TABLES_prioritisebyproducts!E9,TABLES_prioritisebyproducts!F9,C39=TABLES_prioritisebyproducts!E10,TABLES_prioritisebyproducts!F10,C39=TABLES_prioritisebyproducts!E11,TABLES_prioritisebyproducts!F11,C39=TABLES_prioritisebyproducts!E12,TABLES_prioritisebyproducts!F12,C39=TABLES_prioritisebyproducts!E13,TABLES_prioritisebyproducts!F13,C39=TABLES_prioritisebyproducts!E14,TABLES_prioritisebyproducts!F14,C39=TABLES_prioritisebyproducts!E15,TABLES_prioritisebyproducts!F15,C39=TABLES_prioritisebyproducts!E16,TABLES_prioritisebyproducts!F16,C39=TABLES_prioritisebyproducts!E17,TABLES_prioritisebyproducts!F17,C39=TABLES_prioritisebyproducts!E19,TABLES_prioritisebyproducts!F19,C39=TABLES_prioritisebyproducts!E20,TABLES_prioritisebyproducts!F20,C39=TABLES_prioritisebyproducts!E21,TABLES_prioritisebyproducts!F21,C39=TABLES_prioritisebyproducts!E22,TABLES_prioritisebyproducts!F22,C39=TABLES_prioritisebyproducts!E23,TABLES_prioritisebyproducts!F23,C39=FALSE,"Pending")} -> Pending
B77: ATTRIBUTIONS AND ACKNOLWEDGEMENTS
B78: This tool can be cited as:
B79: Loo, Lynne and Howieson, Janet. (2026). Food Waste Prevention and Reduction Opportunity (PRO) Toolkit.
B80: Department of Primary Industries and Regional Development. https://dpird.wa.gov.au/foodwastepro.

Sheet TABLES_prioritisebyproducts
B2: PRIORITY | E2: INTERVENTION | F2: RATING
B3: =IF('Step 3d. Waste&Cost Calculator'!G39,'Step 3d. Waste&Cost Calculator'!B39," ") | E3: Anaerobic digestion for energy recovery | F3: 5
B4: =IF('Step 3d. Waste&Cost Calculator'!G40,'Step 3d. Waste&Cost Calculator'!B40," ") | E4: Animal feed (no additional processing involved) | F4: 2
B5: =IF('Step 3d. Waste&Cost Calculator'!G41,'Step 3d. Waste&Cost Calculator'!B41," ") | E5: Changing or adapting production methods to reduce waste | F5: 1
B6: =IF('Step 3d. Waste&Cost Calculator'!G42,'Step 3d. Waste&Cost Calculator'!B42," ") | E6: Composting | F6: 3
B7: =IF('Step 3d. Waste&Cost Calculator'!G43,'Step 3d. Waste&Cost Calculator'!B43," ") | E7: Conversion to cosmetic products | F7: 4
B8: =IF('Step 3d. Waste&Cost Calculator'!G44,'Step 3d. Waste&Cost Calculator'!B44," ") | E8: Conversion to pharmaceutical or nutraceutical products | F8: 4
E9: Developing a new product (human consumption) | F9: 1
B10: =CONCATENATE(B3," ",B4," ",B5," ",B6," ",B7," ",B8) | E10: Employee training or engagement | F10: 1
E11: Extracting compounds of interest (i.e. proteins, fibre, antioxidants) | F11: 4
E12: Food rescue donations | F12: 2
E13: Improving procurement, logistics, and/or operational strategy | F13: 1
E14: Incineration for biochar and/or energy recovery | F14: 5
E15: Industrial use (e.g. biofuel, bio-packaging, bio-materials, wastewater treatment) | F15: 4
E16: Landfill | F16: 6
E17: Landspreading | F17: 5
E18: Other | F18: 0
E19: Processing into animal feed (includes biotech solutions for animal feed) | F19: 3
E20: Repurposing/re-packaging aestheically imperfect food (e.g. snack pack carrot sticks) | F20: 2
E21: Sewage disposal | F21: 6
E22: Shelf-life extension | F22: 1
E23: Vermicomposting or similar (i.e. using worms or insects to break down food waste) | F23: 3

Sheet Step 5. Pre-feasibility Tool
B1: PRE-FEASIBILITY ANALYSIS TOOL
B4: GUIDE:
B6: What is the purpose of this tool?
B7: - The purpose of this pre-feasibility tool is to help with decision-making.
B8: - Comparing several solutions with multiple criteria across commercial, operational, technical, and regulatory aspects can be difficult. The visual, automated
B9: results of this tool are designed to help highlight the solutions with most commercial potential.
B10: - It is recommended that each of the factors are investigated to some degree before preceeding with trials or commercialisation, as the results provided
B11: can only be as good as the information that is input.
B13: How do I use this tool?
B14: - You may want to focus on 2-3 solutions initially, and then expand to more options once you are more familiar with the tool.
B15: - Note that this tool is better suited to new product development opportunities, rather than circular in-house solutions such as composting.
B16: - Perform a desktop review to investigate each value-adding opportunity, guided by each of the columns in the tool.
... B24: for commercial feasibility compared to other options in the near-term.
B28: Solution | D28: Estimated Cost of Implementation E.g. Capital expenditure, installation or build cost **A proper cost/benefit analysis is recommended** | H28: Expected Return for End-product (AU$/kg) Median calculator provided below | J28: Current Market | M28: Potential Product Differentiation | O28: Operational and Technical Factors
B29: Enter title or name of solution | D29: Cost of Lease per year | E29: Minimum Lease Term (years) | F29: or | G29: Cost of Outright Purchase | H29: Wholesale If applicable | I29: Retail If applicable | J29: Australia | K29: International (Only if intending to export or expand) | L29: Notes Include some detail about market access (e.g. possible sales channels) | M29: Level | N29: Notes | O29: Potential Recovery E.g. Percentage relative to total waste stream as calculated in Step 3 | P29: Regulatory Approvals or Certification List briefly (alt+enter for new line) | Q29: Operational Feasibility Level Consider Business Readiness Self-diagnostic responses and results (e.g. contract manufacture or self-manufacture) | R29: Technical Readiness Level Consider Self-assessed Screening responses and results (e.g. available capital and labour) | S29: Minimum Estimated Lead Time for Implementation Include R&D (trials etc.) to mobilisation of equipment or first batch
B30: A)
B31: B)
B32: C)
B33: D)
B34: E)
B35: F)
B36: G)
B37: H)
D41: MEDIAN CALCULATOR
D43: This calculator has been provided for convenience. Enter products and prices in the calculator below to calculate the median for wholesale and retail pricing.
E45: Competing products | H45: Market price | J45: RESULT
J46: The calculated median is: | K46: =IFERROR(MEDIAN(H46:H56),"0") -> 0
B62: ATTRIBUTIONS AND ACKNOLWEDGEMENTS
B63: This tool can be cited as:
B64: Loo, Lynne and Howieson, Janet. (2026). Food Waste Prevention and Reduction Opportunity (PRO) Toolkit.
B65: Department of Primary Industries and Regional Development. https://dpird.wa.gov.au/foodwastepro.

Sheet TABLES_prefeasibility
B2: existing markets | E2: international existing markets
B3: 1 - Not yet developed | E3: 1 - Not yet developed
B4: 2 - Limited | E4: 2 - Limited
B5: 3 - Emerging | E5: 3 - Emerging
B6: 4 - Rapid growth | E6: 4 - Rapid growth
B7: 5 - Established, slow growth | E7: 5 - Established, slow growth
B8: 6 - Saturated | E8: 6 - Saturated
E9: N/A
B12: level | E12: potential recovery
B13: Low | E13: Low ≤ 15%
B14: Medium | E14: Medium 16-50%
B15: High | E15: High 51-100%
B16: N/A - circular or in-house solution
B18: regulatory and certifications
B19: HACCP
B20: Australian Made
B21: Buy West Eat Best
B22: Export approvals
B23: Gluten free
B24: Health and nutritional claims
B25: Other
B26: Therapeutic Goods Administration (TGA)
B29: operational feasibility level
B30: 1 - Business needs to investigate basic operational principles
... B50: Unknown or undefined

Sheet Step 6a. Cost analysis survey
B2: WHICH COST ANALYSIS TOOL SHOULD I USE?
B5: GUIDE:
B6: - Answering the questions below will help you to determine which of the cost analysis tools (cost/benefit or direct cost comparison) would be applicable to your situation.
B7: - A result will only appear once all questions have been answered.
B8: - Please note that these are basic financial tools. The results provided are only indicators of potential financial feasibility, but do not take into account other aspects of
B9: cost-benefit analysis such as social and environmental benefits. Furthermore, the results do not factor in variables such as market forces and inflation.
B13: Q1. Which of the following solutions are you interested in assessing the costs/benefits of?
B14: Please select the ONE statement that best describes your situation. If you are assessing more than one potential solution, please complete this questionnaire for each solution separately.
B18: Q2. Will you be engaging a third-party service provider (i.e. contractor)?
B19: Please select from the drop-down menu or type 'yes' or 'no'.
B23: Q3. Is a significant amount of money required upfront? Please note 'significant' is relative to your business' resources and capacity.
B24: Please select from the drop-down menu or type 'yes' or 'no'.
B28: RESULT:
B29: =CONCATENATE('TABLES_step6-survey'!A41," ",'TABLES_step6-survey'!A42) -> #N/A
B36: ATTRIBUTIONS AND ACKNOLWEDGEMENTS
B37: This tool can be cited as:
B38: Loo, Lynne and Howieson, Janet. (2026). Food Waste Prevention and Reduction Opportunity (PRO) Toolkit.
B39: Department of Primary Industries and Regional Development. https://dpird.wa.gov.au/foodwastepro.

Sheet Direct cost comparison tool
B1: DIRECT COST COMPARISON TOOL
B4: GUIDE:
B5: - This tool is intended to generate a simple cost comparison of direct costs between two to
B6: three options (e.g. current management versus proposed solutions)
B7: - Input general input costs and throughput capacity, end product parameters, and
B8: costs per unit
B9: - The results are automatically generated. Overwriting these cells will affect the accuracy
B10: of results.
B13: INPUT VALUES IN THE HIGHLIGHTED YELLOW CELLS
B15: OPTION 1: | E15: RESULTS - DIFFERENCE (option 1 vs. 2) | H15: OPTION 2:
B16: ENTER OPTION TITLE HERE | H16: ENTER OPTION TITLE HERE
B18: General input costs | C18: AU$ / unit | E18: AU$ or kg | F18: Equivalent % | H18: General input costs | I18: AU$ / unit
B19: Example cost A | E19: =Table15[[#This Row],[AU$ / unit]]-Table1517[[#This Row],[AU$ / unit]] -> 0 | F19: =E19/Table1517[[#This Row],[AU$ / unit]] -> #DIV/0! | H19: Example cost A
B20: Example throughput capacity kg/hr | E20: =Table15[[#This Row],[AU$ / unit]]-Table1517[[#This Row],[AU$ / unit]] -> 0 | F20: =E20/Table1517[[#This Row],[AU$ / unit]] -> #DIV/0! | H20: Example throughput capacity kg/hr
B21: Example cost C | E21: =Table15[[#This Row],[AU$ / unit]]-Table1517[[#This Row],[AU$ / unit]] -> 0 | F21: =E21/Table1517[[#This Row],[AU$ / unit]] -> #DIV/0! | H21: Example cost C
B22: Example cost D | E22: =Table15[[#This Row],[AU$ / unit]]-Table1517[[#This Row],[AU$ / unit]] -> 0 | F22: =E22/Table1517[[#This Row],[AU$ / unit]] -> #DIV/0! | H22: Example cost D
B23: Example cost E | E23: =Table15[[#This Row],[AU$ / unit]]-Table1517[[#This Row],[AU$ / unit]] -> 0 | F23: =E23/Table1517[[#This Row],[AU$ / unit]] -> #DIV/0! | H23: Example cost E
B26: End-product parameters | E26: AU$ or kg | F26: Equivalent % | H26: End-product parameters
B27: Net weight per unit (kg) | E27: =C27-I27 -> 0 | F27: =E27/I27 -> #DIV/0! | H27: Net weight per unit (kg)
B28: Sales revenue per unit ($) | E28: =C28-I28 -> 0 | F28: =E28/I28 -> #DIV/0! | H28: Sales revenue per unit ($)
B30: Cost per unit (end-product) | C30: AU$ / unit | E30: AU$ | F30: Equivalent % | H30: Cost per unit (end-product) | I30: AU$ / unit
B31: Example cost A | E31: =C31-I31 -> 0 | F31: =E31/I31 -> #DIV/0! | H31: Example cost A
B32: Example throughput capacity kg/hr | E32: =C32-I32 -> 0 | F32: =E32/I32 -> #DIV/0! | H32: Example throughput capacity kg/hr
B33: Example cost C | E33: =C33-I33 -> 0 | F33: =E33/I33 -> #DIV/0! | H33: Example cost C
B34: Example cost D | E34: =C34-I34 -> 0 | F34: =E34/I34 -> #DIV/0! | H34: Example cost D
B35: Example cost E | H35: Example cost E
B36: Total cost per unit | C36: =SUM(C31:C35) -> 0 | E36: =C36-I36 -> 0 | F36: =E36/I36 -> #DIV/0! | H36: Total cost per unit | I36: =SUM(I31:I35) -> 0
B38: RESULTS | E38: RESULTS | H38: RESULTS
B39: Net profit/loss per unit | C39: =C28-C36 -> 0 | E39: =C39-I39 -> 0 | F39: =E39/I39 -> #DIV/0! | H39: Net profit/loss per unit | I39: =I28-I36 -> 0
B40: Equivalent profit/loss per kg | C40: =C39/C27 -> #DIV/0! | E40: =C40-I40 -> #DIV/0! | F40: =E40/I40 -> #DIV/0! | H40: Equivalent profit/loss per kg | I40: =I39/I27 -> #DIV/0!
E43: RESULTS - DIFFERENCE (option 1 vs. 3) | H43: OPTION 3:
H44: ENTER OPTION TITLE HERE
E46: AU$ or kg | F46: Equivalent % | H46: General input costs | I46: AU$
E47: =C19-Table151710[[#This Row],[AU$ ]] -> 0 | F47: =IFERROR(E47/Table151710[[#This Row],[AU$ ]],"0") -> 0 | H47: Example cost A
E48: =C20-Table151710[[#This Row],[AU$ ]] -> 0 | F48: =IFERROR(E48/Table151710[[#This Row],[AU$ ]],"0") -> 0 | H48: Example throughput capacity kg/hr
E49: =C21-Table151710[[#This Row],[AU$ ]] -> 0 | F49: =IFERROR(E49/Table151710[[#This Row],[AU$ ]],"0") -> 0 | H49: Example cost C
E50: =C22-Table151710[[#This Row],[AU$ ]] -> 0 | F50: =IFERROR(E50/Table151710[[#This Row],[AU$ ]],"0") -> 0 | H50: Example cost D
E51: =C23-Table151710[[#This Row],[AU$ ]] -> 0 | F51: =IFERROR(E51/Table151710[[#This Row],[AU$ ]],"0") -> 0 | H51: Example cost E
E52: =C24-Table151710[[#This Row],[AU$ ]] -> 0 | F52: =IFERROR(E52/Table151710[[#This Row],[AU$ ]],"0") -> 0
E54: AU$ or kg | F54: Equivalent % | H54: End-product parameters
E55: =C27-I55 -> 0 | F55: =IFERROR(E55/I55,"0") -> 0
E56: =C28-I56 -> 0 | F56: =IFERROR(E56/I56,"0") -> 0
E58: AU$ | F58: Equivalent % | H58: Cost per unit (end-product) | I58: AU$ / unit
E59: =C31-Table161811[[#This Row],[AU$ / unit]] -> 0 | F59: =IFERROR(E59/I59,"0") -> 0
E60: =C32-Table161811[[#This Row],[AU$ / unit]] -> 0 | F60: =IFERROR(E60/I60,"0") -> 0
E61: =C33-Table161811[[#This Row],[AU$ / unit]] -> 0 | F61: =IFERROR(E61/I61,"0") -> 0
E62: =C34-Table161811[[#This Row],[AU$ / unit]] -> 0 | F62: =IFERROR(E62/I62,"0") -> 0
E63: =C35-Table161811[[#This Row],[AU$ / unit]] -> 0 | F63: =IFERROR(E63/I63,"0") -> 0
E64: =C36-Table161811[[#This Row],[AU$ / unit]] -> 0 | F64: =IFERROR(E64/I64,"0") -> 0 | H64: Total cost per unit | I64: =SUM(I59:I63) -> 0
E66: RESULTS | H66: RESULTS
E67: =C39-I67 -> 0 | F67: =IFERROR(E67/I67,"0") -> 0 | H67: Net profit/loss per unit | I67: =I56-I64 -> 0
E68: =C40-I68 -> #DIV/0! | F68: =IFERROR(E68/I68,"0") -> 0 | H68: Equivalent profit/loss per kg | I68: =IFERROR(I67/I55,"0") -> 0
B72: ATTRIBUTIONS AND ACKNOLWEDGEMENTS
B73: This tool can be cited as:
B74: Loo, Lynne and Howieson, Janet. (2026). Food Waste Prevention and Reduction Opportunity (PRO) Toolkit.
B75: Department of Primary Industries and Regional Development. https://dpird.wa.gov.au/foodwastepro.

Sheet Cost-benefit analysis tool
B1: COST BENEFIT ANALYSIS TOOL
B4: GUIDE:
B5: - Use of this tool is recommended if you/your business is considering investing a significant
B6: amount of capital into a solution/opportunity identified in Steps 4 and 5.
B7: - The purpose of this tool is to determine whether this investment of capital is worthwhile, based
B8: on basic financial analysis of the net present value (NPV) of cash outlay, payback period, and
B9: internal rate of return (IRR).
B10: - IMPORTANT: Each solution or opportunity should be analysed as individual/separate projects. Simply
B11: duplicate this worksheet to perform additional cost/benefit analyses.
B12: - There is opportunity to compare realistic, optimistic, and pessimistic scenarios.
B13: - It is essential that you provide as much information as possible, based on best estimates or
B14: empirical data, as this will determine the accuracy of the results.
... B16: factors such as market fluctuations, environmental variables, nor social variables.
B20: SOLUTION: | C20: [ Enter title or name here ]
B22: INPUT VARIABLES
B24: INPUT VALUES IN THE HIGHLIGHTED YELLOW CELLS
B26: PRODUCT PARAMETERS | C26: VALUE
B27: Volume per sales unit (kg)
B28: Sales revenue per unit (AU$)
B30: DIRECT COSTS PER SALES UNIT | C30: AU$
B31: Example cost A
B32: Example cost B
B33: Example cost C
B34: Example cost D
B35: Subtotal | C35: =SUM(C31:C34) -> 0
B37: UPFRONT CAPITAL EXPENSES | C37: AU$
B38: Example A
B39: Example B
B40: Subtotal | C40: =SUM(C38:C39) -> 0
B42: INTANGIBLE BENEFITS | C42: AU$
B43: Improved efficiency per kg
B45: Subtotal | C45: =SUM(C43:C44) -> 0
B48: BREAK-EVEN ANALYSIS
B50: Required number of units that need to be sold to break even (YEAR 1) | C50: =ROUNDUP((-C40)/(C28-C35),0) -> #DIV/0!
B51: Equivalent units per month (YEAR 1) | C51: =ROUNDUP(C50/12,0) -> #DIV/0!
B54: COST BENEFIT ANALYSIS (SENSITIVITY ANALYSIS)
B56: PESSIMISTIC | J56: REALISTIC | R56: OPTIMISTIC
B58: SALES PROJECTIONS
C60: First year | D60: Next 5 years | K60: First year | L60: Next 5 years | S60: First year | T60: Next 5 years
B61: Projected growth >> | C61: 0 | D61: 0 | J61: Projected growth >> | K61: 0 | L61: 0 | R61: Projected growth >> | S61: 0 | T61: 0
C62: Year 1 | D62: Year 2 | E62: Year 3 | F62: Year 4 | G62: Year 5 | H62: Year 6 | K62: Year 1 | L62: Year 2 | M62: Year 3 | N62: Year 4 | O62: Year 5 | P62: Year 6 | S62: Year 1 | T62: Year 2 | U62: Year 3 | V62: Year 4 | W62: Year 5 | X62: Year 6
B63: Sales (no. of units) | D63: =ROUNDUP(C63*(1+C61),0) -> 0 | E63: =ROUNDUP(D63*(1+D61),0) -> 0 | F63: =ROUNDUP(E63*(1+D61),0) -> 0 | G63: =ROUNDUP(F63*(1+D61),0) -> 0 | H63: =ROUNDUP(G63*(1+D61),0) -> 0 | J63: Sales (no. of units) | L63: =ROUNDUP(K63*(1+K61),0) -> 0 | M63: =ROUNDUP(L63*(1+L61),0) -> 0 | N63: =ROUNDUP(M63*(1+L61),0) -> 0 | O63: =ROUNDUP(N63*(1+L61),0) -> 0 | P63: =ROUNDUP(O63*(1+L61),0) -> 0 | R63: Sales (no. of units) | T63: =ROUNDUP(S63*(1+S61),0) -> 0 | U63: =ROUNDUP(T63*(1+T61),0) -> 0 | V63: =ROUNDUP(U63*(1+T61),0) -> 0 | W63: =ROUNDUP(V63*(1+T61),0) -> 0 | X63: =ROUNDUP(W63*(1+T61),0) -> 0
B64: Total equivalent volume (kg) | C64: =C63*0.5 -> 0 | D64: =D63*0.5 -> 0 | E64: =E63*0.5 -> 0 | F64: =F63*0.5 -> 0 | G64: =G63*0.5 -> 0 | H64: =H63*0.5 -> 0 | J64: Total volume (kg) | K64: =K63*0.5 -> 0 | L64: =L63*0.5 -> 0 | M64: =M63*0.5 -> 0 | N64: =N63*0.5 -> 0 | O64: =O63*0.5 -> 0 | P64: =P63*0.5 -> 0 | R64: Total volume (kg) | S64: =S63*0.5 -> 0 | T64: =T63*0.5 -> 0 | U64: =U63*0.5 -> 0 | V64: =V63*0.5 -> 0 | W64: =W63*0.5 -> 0 | X64: =X63*0.5 -> 0
B67: PROJECTED BENEFITS | J67: PROJECTED BENEFITS | R67: PROJECTED BENEFITS
C68: Year 1 | D68: Year 2 | E68: Year 3 | F68: Year 4 | G68: Year 5 | H68: Year 6 | K68: Year 1 | L68: Year 2 | M68: Year 3 | N68: Year 4 | O68: Year 5 | P68: Year 6 | S68: Year 1 | T68: Year 2 | U68: Year 3 | V68: Year 4 | W68: Year 5 | X68: Year 6
B69: Revenue from sales (EBIT) | C69: =revenue*C63 -> 0 | D69: =revenue*D63 -> 0 | E69: =revenue*E63 -> 0 | F69: =revenue*F63 -> 0 | G69: =revenue*G63 -> 0 | H69: =revenue*H63 -> 0 | J69: Revenue from sales (EBIT) | K69: =revenue*K63 -> 0 | L69: =revenue*L63 -> 0 | M69: =revenue*M63 -> 0 | N69: =revenue*N63 -> 0 | O69: =revenue*O63 -> 0 | P69: =revenue*P63 -> 0 | R69: Revenue from sales (EBIT) | S69: =revenue*S63 -> 0 | T69: =revenue*T63 -> 0 | U69: =revenue*U63 -> 0 | V69: =revenue*V63 -> 0 | W69: =revenue*W63 -> 0 | X69: =revenue*X63 -> 0
B70: Savings from improved efficiency | C70: =intangible_benefits*C64 -> 0 | D70: =intangible_benefits*D64 -> 0 | E70: =intangible_benefits*E64 -> 0 | F70: =intangible_benefits*F64 -> 0 | G70: =intangible_benefits*G64 -> 0 | H70: =intangible_benefits*H64 -> 0 | J70: Savings from improved efficiency | K70: =intangible_benefits*K64 -> 0 | L70: =intangible_benefits*L64 -> 0 | M70: =intangible_benefits*M64 -> 0 | N70: =intangible_benefits*N64 -> 0 | O70: =intangible_benefits*O64 -> 0 | P70: =intangible_benefits*P64 -> 0 | R70: Savings from improved efficiency | S70: =intangible_benefits*S64 -> 0 | T70: =intangible_benefits*T64 -> 0 | U70: =intangible_benefits*U64 -> 0 | V70: =intangible_benefits*V64 -> 0 | W70: =intangible_benefits*W64 -> 0 | X70: =intangible_benefits*X64 -> 0
B71: Subtotal benefits | C71: =SUM(C69:C70) -> 0 | D71: =SUM(D69:D70) -> 0 | E71: =SUM(E69:E70) -> 0 | F71: =SUM(F69:F70) -> 0 | G71: =SUM(G69:G70) -> 0 | H71: =SUM(H69:H70) -> 0 | J71: Subtotal | K71: =SUM(K69:K70) -> 0 | L71: =SUM(L69:L70) -> 0 | M71: =SUM(M69:M70) -> 0 | N71: =SUM(N69:N70) -> 0 | O71: =SUM(O69:O70) -> 0 | P71: =SUM(P69:P70) -> 0 | R71: Subtotal | S71: =SUM(S69:S70) -> 0 | T71: =SUM(T69:T70) -> 0 | U71: =SUM(U69:U70) -> 0 | V71: =SUM(V69:V70) -> 0 | W71: =SUM(W69:W70) -> 0 | X71: =SUM(X69:X70) -> 0
B74: PROJECTED CASHFLOW | J74: PROJECTED CASHFLOW | R74: PROJECTED CASHFLOW
C75: 44927 | D75: 45292 | E75: 45658 | F75: 46023 | G75: 46388 | H75: 46753 | K75: 44927 | L75: 45292 | M75: 45658 | N75: 46023 | O75: 46388 | P75: 46753 | S75: 44927 | T75: 45292 | U75: 45658 | V75: 46023 | W75: 46388 | X75: 46753
C76: Year 0 | D76: Year 1 | E76: Year 2 | F76: Year 3 | G76: Year 4 | H76: Year 5 | K76: Year 0 | L76: Year 1 | M76: Year 2 | N76: Year 3 | O76: Year 4 | P76: Year 5 | S76: Year 0 | T76: Year 1 | U76: Year 2 | V76: Year 3 | W76: Year 4 | X76: Year 5
B77: Upfront costs (capital outlay) | C77: =-C40 -> 0 | D77: - | E77: - | F77: - | G77: - | H77: - | J77: Upfront costs (capital outlay) | K77: =-C40 -> 0 | L77: - | M77: - | N77: - | O77: - | P77: - | R77: Upfront costs (capital outlay) | S77: =-C40 -> 0 | T77: - | U77: - | V77: - | W77: - | X77: -
B78: Benefits | C78: =C71 -> 0 | D78: =D71 -> 0 | E78: =E71 -> 0 | F78: =F71 -> 0 | G78: =G71 -> 0 | H78: =H71 -> 0 | J78: Benefits | K78: =K71 -> 0 | L78: =L71 -> 0 | M78: =M71 -> 0 | N78: =N71 -> 0 | O78: =O71 -> 0 | P78: =P71 -> 0 | R78: Benefits | S78: =S71 -> 0 | T78: =T71 -> 0 | U78: =U71 -> 0 | V78: =V71 -> 0 | W78: =W71 -> 0 | X78: =X71 -> 0
B79: Expenses | C79: =-direct_costs*C63 -> 0 | D79: =-direct_costs*D63 -> 0 | E79: =-direct_costs*E63 -> 0 | F79: =-direct_costs*F63 -> 0 | G79: =-direct_costs*G63 -> 0 | H79: =-direct_costs*H63 -> 0 | J79: Expenses | K79: =-direct_costs*K63 -> 0 | L79: =-direct_costs*L63 -> 0 | M79: =-direct_costs*M63 -> 0 | N79: =-direct_costs*N63 -> 0 | O79: =-direct_costs*O63 -> 0 | P79: =-direct_costs*P63 -> 0 | R79: Expenses | S79: =-direct_costs*S63 -> 0 | T79: =-direct_costs*T63 -> 0 | U79: =-direct_costs*U63 -> 0 | V79: =-direct_costs*V63 -> 0 | W79: =-direct_costs*W63 -> 0 | X79: =-direct_costs*X63 -> 0
B80: Net cashflow | C80: =SUM(C77:C79) -> 0 | D80: =SUM(D77:D79) -> 0 | E80: =SUM(E77:E79) -> 0 | F80: =SUM(F77:F79) -> 0 | G80: =SUM(G77:G79) -> 0 | H80: =SUM(H77:H79) -> 0 | J80: Net cashflow | K80: =SUM(K77:K79) -> 0 | L80: =SUM(L77:L79) -> 0 | M80: =SUM(M77:M79) -> 0 | N80: =SUM(N77:N79) -> 0 | O80: =SUM(O77:O79) -> 0 | P80: =SUM(P77:P79) -> 0 | R80: Net cashflow | S80: =SUM(S77:S79) -> 0 | T80: =SUM(T77:T79) -> 0 | U80: =SUM(U77:U79) -> 0 | V80: =SUM(V77:V79) -> 0 | W80: =SUM(W77:W79) -> 0 | X80: =SUM(X77:X79) -> 0
B83: RESULTS | J83: RESULTS | R83: RESULTS
B85: IRR | C85: =XIRR(C80:H80,C75:H75) -> #NUM! | J85: IRR | K85: =XIRR(K80:P80,K75:P75) -> #NUM! | R85: IRR | S85: =XIRR(S80:X80,S75:X75) -> #NUM!
B86: WACC ** | C86: 0.08 | J86: WACC ** | K86: 0.08 | R86: WACC ** | S86: 0.08
B87: Annual discount rate ** | C87: 0.025 | J87: Annual discount rate ** | K87: 0.025 | R87: Annual discount rate ** | S87: 0.025
B88: NPV | C88: =NPV(C87,C80,D80,E80,F80,G80,H80) -> 0 | J88: NPV | K88: =NPV(K87,K80,L80,M80,N80,O80,P80) -> 0 | R88: NPV | S88: =NPV(S87,S80,T80,U80,V80,W80,X80) -> 0
B89: PAYBACK PERIOD (YEARS) | C89: =upfront_capital/(AVERAGE(C80:H80)) -> #DIV/0! | J89: PAYBACK PERIOD (YEARS) | K89: =upfront_capital/(AVERAGE(K80:P80)) -> #DIV/0! | R89: PAYBACK PERIOD (YEARS) | S89: =upfront_capital/(AVERAGE(S80:X80)) -> #DIV/0!
B92: ** N.B.:
B93: - Default WACC of 8% is only a generic estimate - user to change according to need
B94: - Average inflation rate (AU) is used as a default figure for the annual discount rate - user to change according to need
B98: ATTRIBUTIONS AND ACKNOLWEDGEMENTS
B99: This tool can be cited as:
B100: Loo, Lynne and Howieson, Janet. (2026). Food Waste Prevention and Reduction Opportunity (PRO) Toolkit.
B101: Department of Primary Industries and Regional Development. https://dpird.wa.gov.au/foodwastepro.

Sheet TABLES_step6-survey
A1: Q1 | H1: ENDPRODUCTSUBSTITUTE? | I1: ANSWER | J1: RETURN
A2: Anaerobic digestion for energy recovery | H2: 0 | I2: ='Step 6a. Cost analysis survey'!B16 -> 0 | J2: {=_xlfn.IFS(I2=A2,H2,I2=A3,H3,I2=A4,H4,I2=A5,H5,I2=A6,H6,I2=A7,H7,I2=A8,H8,I2=A9,H9,I2=A10,H10,I2=A11,H11,I2=A12,H12,I2=A13,H13,I2=A14,H14,I2=A15,H15,I2=A16,H16,I2=A17, H17, I2=A18,H18,I2=A19,H19,I2=A20,H20,I2=A21,H21,I2=A22,H22)} -> #N/A
A3: Animal feed (no additional processing involved) | H3: 1
A4: Changing or adapting production methods to reduce waste | H4: 0
A5: Composting | H5: 1
A6: Conversion to cosmetic products | H6: 1
A7: Conversion to pharmaceutical or nutraceutical products | H7: 1
A8: Developing a new product for human consumption | H8: 1
A9: Employee training or engagement | H9: 0
A10: Extracting compounds of interest (i.e. proteins, fibre, antioxidants) | H10: 1
A11: Food rescue donations | H11: 0
A12: Improving procurement, logistics, and/or operational strategy | H12: 0
A13: Incineration for biochar and/or energy recovery | H13: 1
A14: Industrial use (e.g. biofuel, bio-packaging, bio-materials, wastewater treatment) | H14: 1
... A22: Vermicomposting or similar (i.e. using worms or insects to break down food waste) | H22: 1
A24: Q2 | B24: Will you be engaging a third party service provider? | I24: ANSWER | J24: RETURN | M24: CHECK OF RESULTS/SCORE
A25: Yes | B25: 1 | J25: {=_xlfn.IFS('Step 6a. Cost analysis survey'!B21="yes",B25,'Step 6a. Cost analysis survey'!B21="no",B26)} -> #N/A | M25: YESYES | N25: 4
A26: No | B26: 2 | M26: YESNO | N26: 2
M27: NOYES | N27: 5
A28: Q3 | B28: Is a significant amount of money required upfront? | I28: ANSWER | J28: RETURN | M28: NONO | N28: 3
A29: Yes | B29: 3 | I29: ='Step 6a. Cost analysis survey'!B26 -> 0 | J29: {=_xlfn.IFS(I29="yes",B29,I29="no",B30)} -> #N/A
A30: No | B30: 1
I32: TOTAL | J32: =SUM(J25,J29) -> #N/A
A34: RESULT_LIST
A35: The direct cost comparison tool may be sufficient for your purposes.
A36: You might benefit from using the cost-benefit tool.
A37: However, you might like to use the cost-benefit tool to assess the payback period.
A38: The direct cost comparison tool may also be useful for comparing any end products to substitutes on the market.
A40: RETURN_RESULT
A41: {=_xlfn.IFS(J32<=3,A35,J32=4,CONCATENATE(A35," ",A37),J32=5,A36)} -> #N/A
A42: {=_xlfn.IFS(J2=0," ",J2=1,A38)} -> #N/A
A44: EXPLANATION
A45: - As a general guide, the direct cost comparison tool will suffice if you are assessing the following types of interventions:
B46: ▪ Changing or adapting practices
B47: ▪ Managing supplier or customer relationships
B48: ▪ Pursuing a new business relationship or contract
B49: ▪ New product development (no procurement of significant items - e.g. equipment, machinery)
A50: - Generally, if you are considering investing a significant amount of capital (e.g. purchasing equipment, building infrastructure) the cost benefit analysis tool may be more
A51: useful to determine the internal rate of return, payback period, and net present value (NPV) of capital invested. These factors, when considered together, indicate whether
A52: the investment is financially feasible.

Sheet TABLES_step6
B2: RESULTS | C2: cost$_A | D2: cost$_B | E2: comparison | F2: % | G2: more/less
B3: Option 1 | D3: =#REF! -> #REF! | E3: =D3 -> #REF!
B4: Option 2 | C4: =#REF! -> #REF! | D4: =#REF! -> #REF! | E4: =IF(C4<=0,D4,C4) -> #REF! | F4: =IFERROR(((E4-E3)/E3),"0") -> 0 | G4: {=_xlfn.IFS(F4>0,"more than",F4<0,"less than",F4=0,"the same as")} -> more than
B5: Option 3 | C5: =#REF! -> #REF! | D5: =#REF! -> #REF! | E5: =IF(C5<=0,D5,C5) -> #REF! | F5: =IFERROR(((E5-E3)/E3),"0") -> 0 | G5: {=_xlfn.IFS(F5>0,"more than",F5<0,"less than",F5=0,"the same as")} -> more than
B7: RESPONSES
B8: =CONCATENATE("Option 2 costs"," ",ROUNDDOWN(F4*100,0),"% ",G4," your product/solution (Option 1).") -> Option 2 costs 0% more than your product/solution (Option 1).
B9: =CONCATENATE("Option 3 costs"," ",ROUNDDOWN(F5*100,0),"% ",G5," your product/solution (Option 1).") -> Option 3 costs 0% more than your product/solution (Option 1).
